 Dungeon Crawl Stone Soup version 0.29.0-4-gdea44cf6ec (webtiles) character file.

Game seed: 10052623637530943848

556992 qw the Conqueror (level 25, -6/254 (257) HPs)
             Began as a Minotaur Berserker on Sept 8, 2022.
             Was an Elder of Trog.
             Killed from afar by a shadow dragon (8 damage)
             ... with a bolt of negative energy
             ... while paralysed by a Zot trap
             ... on level 5 of the Realm of Zot.
             The game lasted 00:29:19 (64758 turns).

qw the Conqueror (Minotaur Berserker)              Turns: 64758, Time: 00:29:20

HP:   -6/254 (257)  AC: 33    Str: 39 (40) XL:     25   Next: 23%
MP:   22/22         EV:  2    Int:  3 (6)  God:    Trog [****..]
Gold: 1592          SH:  0    Dex: 13 (14) Spells: 24/24 levels left

rFire   + + .      SeeInvis +   G - +3 broad axe (vamp)
rCold   + + +      Faith    .   D - +0 tower shield
rNeg    + . .      Spirit   .   k - +2 plate armour {rF+}
rPois   +          Reflect  .   (helmet unavailable)
rElec   +          Harm     .   H - +2 cloak of the Thief {*Fog Slay-2 SInv Stlth+}
rCorr   +          Rampage  .   A - +2 pair of gloves of Whack-A-Mole {rC+ rN+ Regen+}
Will    ++...      Rnd*Tele +   z - +0 pair of boots of Kleptomania {rElec rC+}
Stlth   ..........              x - amulet of Fiuveasch {Fly Regen+ Slay+3}
HPRegen 3.12/turn               I - ring "Weulidgha" {Contam rC+ Will+ Str+6 Int+2 Dex+4}
MPRegen 0.18/turn               s - ring "Faklooleu" {rPois Slay+6}

@: paralysed, resistant, weak-willed, strong-willed, on berserk cooldown,
flying, regenerating, slowed, lightly drained, unable to read
A: horns 3, retaliatory headbutt, cold resistance 1, deterioration 1, screaming
1, teleportitis 1, inability to read after injury 1, devolution 2
}: 3/15 runes: barnacled, silver, gossamer
a: Renounce Religion, Berserk, Trog's Hand, Brothers in Arms


You were on level 5 of the Realm of Zot.
You worshipped Trog.
Trog was greatly pleased with you.
You visited 8 branches of the dungeon, and saw 44 of its levels.
You also visited: Desolation.

You collected 6656 gold pieces.
You spent 5064 gold pieces at shops.


Innate Abilities, Weirdness & Mutations

You have a pair of large horns on your head.
You reflexively headbutt those who attack you in melee.
Your flesh is cold resistant. (rC+)
Your body sometimes deteriorates upon taking damage.
You occasionally shout uncontrollably at your foes.
You are occasionally teleported next to monsters.
You occasionally lose the ability to read scrolls when taking damage.
You have terrible hidden genetic defects.


   Skills:
 O Level 27 Fighting
 - Level 20.0 Axes
 - Level 14.1 Throwing
 + Level 24.9 Armour
 - Level 21.8 Dodging
 - Level 23.1 Shields
 - Level 4.3 Evocations


You had 24 spell levels left.
You didn't know any spells.
Your spell library was empty.

Inventory:

Hand Weapons
 G - a +3 vampiric broad axe (weapon)
Missiles
 y - 16 javelins (quivered)
Armour
 k - a +2 plate armour of fire resistance (worn)
 m - a scarf of resistance
 n - a +10 plate armour of ponderousness
 o - the +4 dragonskin cloak
   (You took it off Tiamat on level 4 of the Realm of Zot)

   It grants the wearer a chance to resist fire, cold, poison, electricity,
   acid, and negative energy.
 z - the +0 pair of boots of Kleptomania (worn) {rElec rC+}
   (You found it in the Desolation of Salt)

   rC:        It protects you from cold.
   rElec:     It insulates you from electricity.
 A - the +2 pair of gloves of Whack-A-Mole (worn) {rC+ rN+ Regen+}
   (You found it on level 12 of the Dungeon)

   rC:        It protects you from cold.
   rN:        It protects you from negative energy.
   Regen:     It increases your rate of health regeneration.
 D - a +0 tower shield (worn)
 E - a +8 plate armour of cold resistance
 H - the +2 cloak of the Thief (worn) {*Fog Slay-2 SInv Stlth+}
   (You bought it in a shop on level 2 of the Orcish Mines)

   It may release a thick cloud of smoke when the wearer is hurt.
   Slay:      It affects your accuracy & damage with ranged weapons and melee
   (-2).
   SInv:      It lets you see invisible.
   Stlth:     It makes you more stealthy.
 K - +0 gold dragon scales
Jewellery
 b - a ring of protection from fire
 c - the ring of the Trilobite {rElec Str+4 Int+3 Dex+6}
   (You found it on level 3 of the Shoals)

   [ring of dexterity]

   Str:       It affects your strength (+4).
   Int:       It affects your intelligence (+3).
   Dex:       It affects your dexterity (+6).
   rElec:     It insulates you from electricity.
 d - the amulet of Vuir {Acrobat rPois rF+}
   (You took it off a vault warden on level 5 of the Vaults)

   [amulet of the acrobat]

   It increases your evasion while moving and waiting.
   rF:        It protects you from fire.
   rPois:     It protects you from poison.
 g - a ring of protection from fire
 p - the amulet "Fuel" {Spirit rPois Dex+5 SInv}
   (You bought it in a shop on level 2 of the Orcish Mines)

   [amulet of guardian spirit]

   It causes incoming damage to be divided between your reserves of health and
   magic.
   Dex:       It affects your dexterity (+5).
   rPois:     It protects you from poison.
   SInv:      It lets you see invisible.
 s - the ring "Faklooleu" (right hand) {rPois Slay+6}
   (You took it off a vault sentinel on level 5 of the Vaults)

   [ring of poison resistance]

   Slay:      It affects your accuracy & damage with ranged weapons and melee
   (+6).
   rPois:     It protects you from poison.
 u - the ring "Vamiwah" {Str+5 SInv}
   (You bought it in a shop on level 1 of the Vaults)

   [ring of see invisible]

   Str:       It affects your strength (+5).
   SInv:      It lets you see invisible.
 w - the amulet "Joacludd" {Spirit rF+}
   (You found it in the Desolation of Salt)

   [amulet of guardian spirit]

   It causes incoming damage to be divided between your reserves of health and
   magic.
   rF:        It protects you from fire.
 x - the amulet of Fiuveasch (around neck) {Fly Regen+ Slay+3}
   (You found it on level 5 of the Lair of Beasts)

   [amulet of regeneration]

   Slay:      It affects your accuracy & damage with ranged weapons and melee
   (+3).
   Fly:       It grants you flight.
   Regen:     It increases your rate of health regeneration.
 F - the amulet of Undoing {Reflect +Inv rElec SH+5 SInv}
   (You bought it in a shop on level 1 of the Vaults)

   [amulet of reflection]

   It reflects blocked missile attacks.
   rElec:     It insulates you from electricity.
   SInv:      It lets you see invisible.
   +Inv:      It lets you turn invisible.
   SH:        It affects your SH (+5).
 I - the ring "Weulidgha" (left hand) {Contam rC+ Will+ Str+6 Int+2 Dex+4}
   (You bought it in a shop on level 2 of the Orcish Mines)

   [ring of protection from cold]

   Str:       It affects your strength (+6).
   Int:       It affects your intelligence (+2).
   Dex:       It affects your dexterity (+4).
   rC:        It protects you from cold.
   Contam:    It causes magical contamination when unequipped.
   Will:      It increases your willpower.
 J - the ring of Agrodwy {rF- Str+7 Dex+6}
   (You bought it in a shop on level 2 of the Orcish Mines)

   [ring of dexterity]

   Str:       It affects your strength (+7).
   Dex:       It affects your dexterity (+6).
   rF:        It makes you vulnerable to fire.
 Y - a ring of the Octopus King {rC+ HP+2 AC+2 EV+2 SH+2}
   (You found it on level 5 of the Lair of Beasts)

   [ring of protection from cold]

   AC:        It affects your AC (+2).
   EV:        It affects your evasion (+2).
   rC:        It protects you from cold.
   HP:        It affects your health (+2).
   SH:        It affects your SH (+2).
Wands
 l - a wand of digging (18)
Scrolls
 e - 4 scrolls of teleportation
 q - 28 scrolls of identify
 t - 4 scrolls of brand weapon
Potions
 a - 9 potions of might
 f - 14 potions of curing
 j - 9 potions of haste
 r - 2 potions of mutation
 B - 4 potions of heal wounds

Dungeon Overview and Level Annotations

Branches:
Dungeon (15/15)            Temple (0/1) D:7            Lair (5/5) D:11
 Shoals (4/4) Lair:2       Spider (4/4) Lair:3        Slime (0/5) Lair:4
    Orc (2/2) D:11            Elf (0/3) Orc:2        Vaults (5/5) D:14
  Crypt (0/3) Vaults:2     Depths (4/4) D:15            Zot (5/5) Depths:4
Desolation (visited)

Altars:
Ashenzari
Elyvilon
Gozag
Hepliaklqana
Okawaru
Qazlal
Ru
Trog
Uskayaw
Wu Jian
Xom

Shops:
D:7 *   D:12 (   Orc:2 [*=(   Shoals:3 (   Vaults:1 =   Vaults:4 [

Portals:
Hell: Depths:1 Depths:2 Depths:3 Depths:4
Abyss: Depths:2 Depths:3
Pandemonium: Depths:2
Ziggurat: Depths:4
Trove: Vaults:3 (give 13 potions of heal wounds)

Annotations:
Lair:2 1 runed translucent door
Zot:5 1 runed translucent door, qw's ghost, legendary GrBe


Message History

64756 ||| DRINKING 5 potions of heal wounds.
You feel much better. You block the Killer Klown's attack.
The orb of fire glows deep purple.
Strange energies course through your body.
You feel weirdly uncertain.
The Killer Klown blinks!
The moth of wrath goads the black draconian on!
The black draconian goes berserk!
The moth of wrath goads the purple draconian on!
The purple draconian goes berserk!
The Killer Klown defenestrates you with a +11 vampiric club!
The Orb Guardian hits you but does no damage.
You hear a loud "Zot"!
The power of Zot is invoked against you!
You suddenly lose the ability to move!
A moth of wrath comes into view.
The purple draconian hits you but does no damage.
The Killer Klown prods you but does no damage.
The Killer Klown pokes out its tongue.
The purple draconian hits you but does no damage.
The Killer Klown teases you with a +11 vampiric club!
The Killer Klown draws strength from your wounds!
The Killer Klown pies you viciously! The klown pie hits you!!
Raspberry!
You feel weakened.
You feel dopey.
You feel clumsy.
The shadow dragon bites you but does no damage.
The shadow dragon claws you but does no damage. x2
The Orb Guardian hits you.
The Killer Klown disappears!
The black draconian rages.
The purple draconian hits you from afar with a +0 glaive.
The Killer Klown karate-kicks you with a +11 vampiric club.
The Killer Klown draws strength from your wounds!
The orb of fire glows red.
The bolt of fire hits you. You resist.
The Killer Klown blinks!
The death cob hits you! The death cob drains your vigour!
You feel as though you will be slow longer.
The shadow dragon breathes negative energy at you.
The bolt of negative energy hits you! You partially resist.
You feel drained.
You die...

.. ^.^
##############^...
###.........)Xyy....
##....##....¤@zd..p..
####...###...¤.pD*q....q
......###...$....dD.....
...^.## #...¤...........
.....# #......(..^.....
....## #...............
....# #...............
.^..## #^.....^........
.....# ##.^...........


You could see an orb of fire, 2 Killer Klowns, a shadow dragon (catching
breath), a storm dragon, a black draconian (berserk), a purple draconian
(berserk), a death cob, an Orb Guardian (mute, slow), a yellow draconian
annihilator, a red draconian scorcher and 2 moths of wrath.

Vanquished Creatures
  A dread lich (Zot:5)
  2 ancient liches
  An orb of fire (Zot:5)
  Mara (Depths:3)
  3 juggernauts
  Vv (Depths:3)
  Bai Suzhen (Vaults:4)
  3 Killer Klowns
  3 curse toes
  6 caustic shrikes (Depths:4)
  5 golden dragons
  Jory (Depths:4)
  An electric golem (Zot:2)
  Jorgrun (D:14)
  Rupert (D:15)
  19 tentacled monstrosities
  Zenata (Vaults:4)
  A walking crystal tome (Depths:3)
  A walking earthen tome (Depths:3)
  9 Orb Guardians (Zot:5)
  8 quicksilver dragons
  3 titans (Vaults:5)
  2 liches
  2 sphinxes
  A kraken (Shoals:3)
  10 tengu reavers
  4 death cobs
  12 shadow dragons
  Roxanne (Shoals:1)
  4 draconian monks
  Ilsuiw (Shoals:3)
  13 storm dragons
  A deep elf sorcerer (Vaults:5)
  A revenant (Vaults:2)
  7 draconian knights
  6 fire giants
  11 frost giants
  2 orc warlords
  15 vault wardens
  5 ghost moths
  4 iron dragons (Depths:3)
  3 spectral caustic shrikes (Depths:4)
  Louise (Depths:3)
  3 imperial myrmidons (Desolation)
  2 emperor scorpions
  9 draconian scorchers
  9 draconian stormcallers
  14 draconian shifters
  8 draconian annihilators
  3 spriggan defenders (Depths:2)
  2 broodmothers
  25 very ugly things
  19 ironbound preservers
  5 war gargoyles
  10 ironbound thunderhulks
  A vampire knight (Depths:3)
  19 stone giants
  Azrael (D:14)
  A deep elf annihilator (Vaults:5)
  10 black draconians
  11 dire elephants
  16 green draconians
  A halazid warlock (Desolation)
  15 red draconians
  3 deep elf demonologists
  9 white draconians
  17 yellow draconians
  6 entropy weavers
  10 purple draconians
  A minotaur (shapeshifter) (Vaults:5)
  10 spark wasps
  14 ettins
  A deep elf death mage (Vaults:2)
  2 crystal guardians
  3 merfolk javelineers
  3 deep elf high priests (Vaults:5)
  8 fire dragons
  Josephine (Shoals:1)
  16 yaktaur captains
  6 merfolk impalers
  A great orb of eyes (shapeshifter) (Vaults:5)
  10 servants of whispers (Desolation)
  6 ragged hierophants (Desolation)
  6 great orbs of eyes
  11 peacekeepers
  6 rakshasas
  36 vault guards
  A catoblepas (Lair:5)
  10 hydras
  3 spriggan air magi
  7 boulder beetles
  5 ogre magi
  5 radroaches
  8 ice dragons
  A jorogumo (Spider:3)
  7 ironbound frosthearts
  4 merfolk aquamancers
  3 merfolk avatars
  Erica (D:8)
  18 centaur warriors
  A death knight (Vaults:2)
  6 two-headed ogres
  A death scarab (Spider:3)
  A death yak (Lair:2)
  4 deep troll shamans
  An alligator snapping turtle (Shoals:4)
  5 tengu warriors
  8 deep troll earth magi
  An orc high priest (Orc:2)
  8 hell knights
  4 spriggan berserkers (Depths:4)
  A deep elf knight (Vaults:5)
  A flayed ghost (Depths:2)
  A sun moth (Spider:2)
  5 iron trolls
  7 pharaoh ants
  4 skeletal warriors
  68 deep trolls
  4 orb spiders
  2 glowing orange brains
  9 steelbarb worms
  8 sea snakes
  5 deep elf archers
  5 lindwurms
  12 harpies
  6 wizards
  14 ironbound convokers
  6 phantasmal warriors
  8 orc knights
  5 necromancers
  A shining eye (shapeshifter) (Vaults:5)
  3 deep elf pyromancers
  3 oklob plants
  10 cyclopes
  16 wolf spiders
  6 orc sorcerers
  17 fauns
  24 moths of wrath
  17 manticores
  45 ugly things
  An iron dragon skeleton (Depths:1)
  27 vault sentinels
  12 merfolk sirens
  A centaur zombie (D:15)
  A stone giant skeleton (Depths:1)
  Maurice (Orc:1)
  A guardian serpent (Depths:1)
  6 torpor snails
  2 black mambas (Lair:2)
  3 gargoyles
  5 water nymphs
  7 molten gargoyles (Desolation)
  A fire giant skeleton (Depths:1)
  10 cane toads
  An efreet (D:13)
  41 yaktaurs
  5 rime drakes
  5 kobold demonologists
  A komodo dragon (shapeshifter) (D:10)
  8 komodo dragons
  9 demonic crawlers
  10 tengu conjurers
  23 merfolk
  10 wind drakes
  2 freezing wraiths
  5 trolls
  21 meliai
  6 polar bears
  A hornet (shapeshifter) (Vaults:5)
  15 blink frogs
  24 slime creatures
  46 saltlings (Desolation)
  A slime creature (shapeshifter) (Vaults:5)
  10 snapping turtles
  20 tarantellas
  9 hornets
  6 dream sheep
  An ettin zombie (Vaults:3)
  30 jumping spiders
  An ettin skeleton (Vaults:3)
  2 shadows
  A centaur simulacrum (D:15)
  15 culicivoras
  2 vampires
  7 wraiths
  8 spriggans
  7 humans (Zot:1)
  3 basilisks
  8 water elementals
  A neqoxec (Depths:2)
  63 yaks
  Eustachio (D:4)
  An elf zombie (Vaults:3)
  6 wyverns
  2 fire elementals (D:14)
  41 redbacks
  3 steam dragons
  4 vampire mosquitoes
  A redback (shapeshifter) (Vaults:5)
  5 wargs
  13 water moccasins
  Edmund (D:6)
  5 hell hounds (D:14)
  2 acid dragons
  A floating eye (Depths:3)
  A black bear (D:6)
  An ice beast (D:5)
  43 orc warriors
  3 wolves (Lair:4)
  3 ogres
  5 boggarts (D:15)
  11 centaurs
  2 phantoms (D:5)
  5 kobold brigands
  12 bullfrogs
  3 gnoll sergeants
  A scorpion (D:5)
  A necrophage (D:6)
  13 wights
  19 killer bees
  A vampire bat (Orc:2)
  2 electric eels
  4 howler monkeys
  8 hounds
  10 orc priests
  2 gnoll boudas
  Jessica (D:2)
  3 iguanas
  Ijyb (D:4)
  14 orc wizards
  A boggart skeleton (D:15)
  25 gnolls
  13 adders
  A shadow imp (D:6)
  An ufetubus (D:6)
  2 worms (D:2)
  A dart slug (D:1)
  56 orcs
  10 ball pythons
  16 bats
  8 endoplasms
  A giant cockroach (D:1)
  8 goblins
  8 hobgoblins
  3 jackals (D:1)
  6 quokkas
  12 frilled lizards
  30 kobolds
  2 rats
  A pillar of salt (Vaults:2)
  4 tentacles (Shoals:3)
1945 creatures vanquished.

Vanquished Creatures (collateral kills)
  Tiamat (Zot:4)
  Sojobo (Depths:1)
  A fire giant (Depths:1)
  A draconian scorcher (Zot:4)
  An orc warlord (Orc:1)
  An imperial myrmidon (Desolation)
  An ironbound thunderhulk (Vaults:2)
  An entropy weaver (Vaults:2)
  2 spark wasps (Spider:4)
  A red draconian (Zot:4)
  An ettin (Depths:1)
  A merfolk javelineer (Shoals:4)
  2 boulder beetles (Spider:4)
  Erolcha (Orc:1)
  A hydra (Lair:5)
  A merfolk aquamancer (Shoals:4)
  2 deep troll earth magi (Depths:1)
  A hell knight (Depths:1)
  A sun moth (Spider:4)
  A wizard (Depths:1)
  4 orb spiders
  A deep troll (Vaults:2)
  A moth of wrath (Spider:4)
  A demonic crawler (Spider:4)
  A cane toad (Lair:1)
  A troll (D:10)
  A tarantella (Spider:4)
  2 culicivoras (Spider:1)
  2 jumping spiders
  2 yaks (Lair:2)
  2 redbacks
  3 orc warriors
  An ogre (Orc:1)
  A gnoll bouda (D:10)
  An orc wizard (D:10)
  3 gnolls (D:10)
  5 orcs (Orc:1)
55 creatures vanquished.

Vanquished Creatures (others)
  A draconian knight (Zot:4)
  A merfolk aquamancer (Shoals:4)
  2 wizards
  A guardian serpent (Desolation)
  A scorpion (D:5)
  2 hounds (D:5)
  35 fungi
  168 plants
  A tentacle (Shoals:3)
  7 toadstools (Lair:2)
219 creatures vanquished.

Grand Total: 2219 creatures vanquished

Notes
Turn   | Place    | Note
-------+----------+-------------------------------------------
     0 | D:1      | qw the Minotaur Berserker began the quest for the Orb.
     0 | D:1      | Reached XP level 1. HP: 19/19 MP: 0/0
     0 | D:1      | 0 ||| qw: Version: 0.1-a-111-g1c1fd2e
     0 | D:1      | 0 ||| qw: Game counter: 6621
     0 | D:1      | 0 ||| qw: Always use a shield: true
     0 | D:1      | 0 ||| qw: Do Orc after D:15 true
     0 | D:1      | 0 ||| qw: Do second Lair branch before Depths: true
     0 | D:1      | 0 ||| qw: Lair rune preference: random
     0 | D:1      | 0 ||| qw: Plans: Normal
     0 | D:1      | 0 ||| PLANNING D:1-11
   171 | D:1      | Reached XP level 2. HP: 25/26 MP: 1/1
   454 | D:1      | 454 ||| DROPPING +0 club.
   598 | D:1      | 598 ||| Stepping ~*~*~tactically~*~*~ (stealth).
   610 | D:1      | 610 ||| Stepping ~*~*~tactically~*~*~ (stealth).
   612 | D:1      | 612 ||| INVOKING Berserk.
   617 | D:1      | Reached XP level 3. HP: 31/31 MP: 2/2
   922 | D:1      | 922 ||| Stepping ~*~*~tactically~*~*~ (stealth).
  1052 | D:1      | 1052 ||| UPGRADING to +0 ring mail.
  1062 | D:1      | 1062 ||| DROPPING +0 animal skin.
  1063 | D:1      | 1063 ||| READING scroll labelled XOAPSUERASM.
  1083 | D:2      | 1083 ||| STAIRDANCE
  1095 | D:2      | 1095 ||| STAIRDANCE
  1222 | D:2      | 1222 ||| INVOKING Berserk.
  1378 | D:2      | Noticed Jessica
  1379 | D:2      | 1379 ||| Stepping ~*~*~tactically~*~*~ (hiding).
  1389 | D:2      | 1389 ||| INVOKING Berserk.
  1391 | D:2      | Killed Jessica
  1392 | D:2      | Reached skill level 6 in Axes
  1392 | D:2      | Reached XP level 4. HP: 26/39 MP: 3/3
  1581 | D:2      | Reached ** piety under Trog
  2058 | D:2      | 2058 ||| UPGRADING to +0 scale mail.
  2068 | D:2      | 2068 ||| DROPPING +0 ring mail.
  2069 | D:2      | 2069 ||| UPGRADING to +0 cloak.
  2074 | D:2      | 2074 ||| UPGRADING to ring of resist corrosion.
  2075 | D:2      | 2075 ||| READING scroll labelled TUVAUH YLI.
  2080 | D:2      | 2080 ||| READING scroll labelled ROWUSA ZAODOM.
  2081 | D:2      | 2081 ||| DRINKING 2 murky brown potions.
  2082 | D:2      | 2082 ||| DRINKING 3 black potions.
  2083 | D:2      | 2083 ||| DROPPING potion of flight.
  2084 | D:2      | 2084 ||| DROPPING 2 potions of attraction.
  2146 | D:3      | 2146 ||| Stepping ~*~*~tactically~*~*~ (stealth).
  2150 | D:3      | 2150 ||| Stepping ~*~*~tactically~*~*~ (stealth).
  2153 | D:3      | 2153 ||| Stepping ~*~*~tactically~*~*~ (stealth).
  2156 | D:3      | 2156 ||| Stepping ~*~*~tactically~*~*~ (stealth).
  2175 | D:3      | 2175 ||| Stepping ~*~*~tactically~*~*~ (stealth).
  2246 | D:3      | Found a faded altar of an unknown god.
  2253 | D:3      | Reached XP level 5. HP: 42/45 MP: 4/4
  2450 | D:3      | 2450 ||| DROPPING +0 whip.
  3071 | D:3      | Found a white marble altar of Elyvilon.
  3073 | D:3      | 3073 ||| UPGRADING to ring of poison resistance.
  3074 | D:3      | 3074 ||| READING 2 scrolls labelled ESIUDOMEUB.
  3075 | D:3      | 3075 ||| READING scroll of enchant weapon.
  3075 | D:3      | 3075 ||| ENCHANTING +1 hand axe.
  3243 | D:4      | 3243 ||| INVOKING Berserk.
  3245 | D:4      | Reached skill level 4 in Fighting
  3425 | D:4      | 3425 ||| INVOKING Berserk.
  3644 | D:4      | Noticed Eustachio
  3646 | D:4      | 3646 ||| INVOKING Berserk.
  3650 | D:4      | Killed Eustachio
  3651 | D:4      | Reached XP level 6. HP: 53/53 MP: 5/5
  4068 | D:4      | Noticed Ijyb
  4070 | D:4      | 4070 ||| INVOKING Berserk.
  4073 | D:4      | Killed Ijyb
  4258 | D:4      | Found a sacrificial altar of Ru.
  4280 | D:4      | Found an ornate altar of the Wu Jian Council.
  4425 | D:4      | Found a hazy altar of Hepliaklqana.
  4637 | D:4      | 4637 ||| UPGRADING to +1 pair of gloves.
  4642 | D:4      | 4642 ||| UPGRADING to +0 chain mail.
  4652 | D:4      | 4652 ||| DROPPING +0 scale mail.
  4653 | D:4      | 4653 ||| READING 2 scrolls labelled LISMEK ZOAJILI.
  4654 | D:4      | 4654 ||| READING scroll labelled QULUH BEESM.
  4655 | D:4      | 4655 ||| READING scroll labelled SERARH GUUSS.
  4656 | D:4      | 4656 ||| READING scroll labelled DUEPUD UNORYOG.
  4657 | D:4      | 4657 ||| DRINKING 2 puce potions.
  4658 | D:4      | 4658 ||| DROPPING scroll of fog.
  4741 | D:5      | Entered Level 5 of the Dungeon
  4754 | D:5      | Reached skill level 3 in Armour
  4754 | D:5      | Reached XP level 7. HP: 59/60 MP: 6/6
  4788 | D:5      | 4788 ||| Stepping ~*~*~tactically~*~*~ (stealth).
  4789 | D:5      | 4789 ||| Stepping ~*~*~tactically~*~*~ (stealth).
  4790 | D:5      | 4790 ||| Stepping ~*~*~tactically~*~*~ (stealth).
  4824 | D:5      | 4824 ||| Stepping ~*~*~tactically~*~*~ (stealth).
  4836 | D:5      | 4836 ||| Stepping ~*~*~tactically~*~*~ (stealth).
  4837 | D:5      | 4837 ||| Stepping ~*~*~tactically~*~*~ (stealth).
  4842 | D:5      | Reached *** piety under Trog
  4853 | D:5      | Reached skill level 9 in Axes
  4854 | D:5      | 4854 ||| FLEEEEING.
  4855 | D:5      | 4855 ||| FLEEEEING.
  4856 | D:5      | 4856 ||| FLEEEEING.
  4857 | D:5      | 4857 ||| FLEEEEING.
  4858 | D:5      | 4858 ||| FLEEEEING.
  4859 | D:5      | 4859 ||| FLEEEEING.
  4860 | D:5      | 4860 ||| FLEEEEING.
  4861 | D:5      | 4861 ||| FLEEEEING.
  4862 | D:5      | 4862 ||| FLEEEEING.
  4863 | D:5      | 4863 ||| FLEEEEING.
  4864 | D:5      | 4864 ||| FLEEEEING.
  4865 | D:5      | 4865 ||| FLEEEEING.
  4866 | D:5      | 4866 ||| FLEEEEING.
  4867 | D:5      | 4867 ||| FLEEEEING.
  4868 | D:5      | 4868 ||| FLEEEEING.
  4869 | D:5      | 4869 ||| FLEEEEING.
  4870 | D:5      | 4870 ||| FLEEEEING.
  4871 | D:5      | 4871 ||| STAIRDANCE
  4900 | D:4      | 4900 ||| READING 2 scrolls of identify.
  4900 | D:4      | 4900 ||| IDENTIFYING orange potion
  4926 | D:5      | 4926 ||| Stepping ~*~*~tactically~*~*~ (stealth).
  4928 | D:5      | 4928 ||| Stepping ~*~*~tactically~*~*~ (stealth).
  4930 | D:5      | 4930 ||| Stepping ~*~*~tactically~*~*~ (stealth).
  4941 | D:5      | Reached skill level 5 in Fighting
  4942 | D:5      | 4942 ||| INVOKING Berserk.
  4949 | D:5      | HP: 22/91 [poisoned by a scorpion]
  4953 | D:5      | 4953 ||| READING 2 scrolls of teleportation.
  5197 | D:5      | 5197 ||| Stepping ~*~*~tactically~*~*~ (stealth).
  5201 | D:5      | 5201 ||| Stepping ~*~*~tactically~*~*~ (stealth).
  5202 | D:5      | 5202 ||| Stepping ~*~*~tactically~*~*~ (stealth).
  5203 | D:5      | 5203 ||| Stepping ~*~*~tactically~*~*~ (stealth).
  5208 | D:5      | 5208 ||| Stepping ~*~*~tactically~*~*~ (stealth).
  5264 | D:5      | 5264 ||| INVOKING Berserk.
  5300 | D:5      | Reached XP level 8. HP: 70/70 MP: 7/7
  5307 | D:5      | Reached skill level 6 in Fighting
  5582 | D:5      | 5582 ||| Stepping ~*~*~tactically~*~*~ (stealth).
  5595 | D:5      | 5595 ||| Stepping ~*~*~tactically~*~*~ (stealth).
  5598 | D:5      | 5598 ||| Stepping ~*~*~tactically~*~*~ (stealth).
  5599 | D:5      | 5599 ||| Stepping ~*~*~tactically~*~*~ (stealth).
  5604 | D:5      | 5604 ||| Stepping ~*~*~tactically~*~*~ (stealth).
  5608 | D:5      | 5608 ||| Stepping ~*~*~tactically~*~*~ (stealth).
  5613 | D:5      | 5613 ||| Stepping ~*~*~tactically~*~*~ (stealth).
  5791 | D:5      | Found a shimmering altar of Xom.
  6045 | D:5      | 6045 ||| READING scroll labelled KOGHUXKOSHRY.
  6046 | D:5      | 6046 ||| READING scroll labelled ETENIG QAPENEL.
  6047 | D:5      | 6047 ||| READING 2 scrolls of identify.
  6047 | D:5      | 6047 ||| IDENTIFYING fuming ruby potion
  6048 | D:5      | 6048 ||| DROPPING potion of degeneration.
  6101 | D:6      | 6101 ||| INVOKING Berserk.
  6129 | D:6      | 6129 ||| FLEEEEING.
  6130 | D:6      | 6130 ||| Stepping ~*~*~tactically~*~*~ (stealth).
  6133 | D:6      | 6133 ||| FLEEEEING.
  6134 | D:6      | 6134 ||| STAIRDANCE
  6239 | D:6      | 6239 ||| Stepping ~*~*~tactically~*~*~ (stealth).
  6246 | D:6      | 6246 ||| INVOKING Berserk.
  6247 | D:6      | 6247 ||| STAIRDANCE
  6340 | D:6      | 6340 ||| INVOKING Berserk.
  6530 | D:6      | Found a broken altar of Ashenzari.
  6706 | D:6      | 6706 ||| Stepping ~*~*~tactically~*~*~ (stealth).
  6759 | D:6      | Found a bloodstained altar of Trog.
  6771 | D:6      | Reached skill level 12 in Axes
  6809 | D:6      | 6809 ||| Stepping ~*~*~tactically~*~*~ (stealth).
  6810 | D:6      | 6810 ||| Stepping ~*~*~tactically~*~*~ (stealth).
  6882 | D:6      | Noticed Edmund
  6887 | D:6      | 6887 ||| INVOKING Berserk.
  6896 | D:6      | Killed Edmund
  6897 | D:6      | Reached skill level 7 in Fighting
  7003 | D:6      | 7003 ||| DROPPING +0 flail.
  7004 | D:6      | Found an iron altar of Okawaru.
  7120 | D:6      | Noticed a skeletal warrior
  7121 | D:6      | 7121 ||| Stepping ~*~*~tactically~*~*~ (stealth).
  7127 | D:6      | 7127 ||| Stepping ~*~*~tactically~*~*~ (stealth).
  7139 | D:6      | 7139 ||| INVOKING Berserk.
  7155 | D:6      | Killed a skeletal warrior
  7156 | D:6      | Reached XP level 9. HP: 79/79 MP: 8/8
  7161 | D:6      | 7161 ||| Stepping ~*~*~tactically~*~*~ (stealth).
  7164 | D:6      | 7164 ||| Stepping ~*~*~tactically~*~*~ (stealth).
  7170 | D:6      | 7170 ||| Stepping ~*~*~tactically~*~*~ (stealth).
  7171 | D:6      | 7171 ||| Stepping ~*~*~tactically~*~*~ (stealth).
  7173 | D:6      | 7173 ||| Stepping ~*~*~tactically~*~*~ (stealth).
  7188 | D:6      | Reached **** piety under Trog
  7259 | D:6      | 7259 ||| Stepping ~*~*~tactically~*~*~ (stealth).
  7261 | D:6      | 7261 ||| INVOKING Berserk.
  7345 | D:6      | 7345 ||| SWAPPING to +1 hand axe of venom.
  7346 | D:6      | 7346 ||| DROPPING +2 hand axe.
  7360 | D:6      | 7360 ||| SWAPPING to +0 war axe.
  7361 | D:6      | 7361 ||| DROPPING +1 hand axe of venom.
  7379 | D:6      | 7379 ||| READING scroll of enchant weapon.
  7379 | D:6      | 7379 ||| ENCHANTING +0 war axe.
  7525 | D:6      | 7525 ||| UPGRADING to +0 plate armour.
  7535 | D:6      | 7535 ||| DROPPING +0 chain mail.
  7536 | D:6      | 7536 ||| READING 2 scrolls of identify.
  7536 | D:6      | 7536 ||| IDENTIFYING coppery potion
  7537 | D:6      | 7537 ||| DROPPING potion of invisibility.
  7575 | D:7      | Found Futigga's Lightly-Used Armoury.
  7580 | D:7      | 7580 ||| BUYING -1 demon whip (130 gold).
  7580 | D:7      | Bought a -1 demon whip for 130 gold pieces
  7580 | D:7      | 7580 ||| SHOPLISTING -3 gold dragon scales (845 gold, have
                  | 152).
  7580 | D:7      | 7580 ||| DROPPING +1 vorpal flail.
  7589 | D:7      | 7589 ||| Stepping ~*~*~tactically~*~*~ (hiding).
  7590 | D:7      | 7590 ||| Stepping ~*~*~tactically~*~*~ (hiding).
  7600 | D:7      | 7600 ||| INVOKING Berserk.
  7770 | D:7      | 7770 ||| Stepping ~*~*~tactically~*~*~ (hiding).
  8002 | D:7      | 8002 ||| INVOKING Berserk.
  8119 | D:7      | 8119 ||| READING 2 scrolls of enchant weapon.
  8119 | D:7      | 8119 ||| ENCHANTING +1 war axe.
  8120 | D:7      | 8120 ||| READING scroll of enchant weapon.
  8120 | D:7      | 8120 ||| ENCHANTING +2 war axe.
  8155 | D:7      | 8155 ||| STAIRDANCE
  8158 | D:6      | 8158 ||| UPGRADING to amulet of the acrobat.
  8163 | D:6      | 8163 ||| UPGRADING to ring of protection from fire.
  8169 | D:7      | Found a staircase to the Ecumenical Temple.
  8220 | D:7      | Reached skill level 8 in Fighting
  8329 | D:7      | 8329 ||| Stepping ~*~*~tactically~*~*~ (hiding).
  8334 | D:7      | 8334 ||| Stepping ~*~*~tactically~*~*~ (stealth).
  8536 | D:8      | Reached XP level 10. HP: 64/88 MP: 9/9
  8648 | D:8      | 8648 ||| Stepping ~*~*~tactically~*~*~ (stealth).
  9191 | D:8      | 9191 ||| Stepping ~*~*~tactically~*~*~ (stealth).
  9265 | D:8      | Noticed Erica
  9268 | D:8      | Paralysed by something for 2 turns
  9271 | D:8      | 9271 ||| Stepping ~*~*~tactically~*~*~ (hiding).
  9272 | D:8      | 9272 ||| Stepping ~*~*~tactically~*~*~ (hiding).
  9278 | D:8      | Killed Erica
  9279 | D:8      | Reached skill level 15 in Axes
  9544 | D:8      | 9544 ||| SWAPPING to +2 war axe of venom.
  9545 | D:8      | 9545 ||| DROPPING +3 war axe.
  9564 | D:8      | 9564 ||| Stepping ~*~*~tactically~*~*~ (hiding).
  9566 | D:8      | 9566 ||| INVOKING Berserk.
  9568 | D:8      | Reached skill level 9 in Fighting
  9942 | D:8      | 9942 ||| DROPPING scarf of harm.
  9943 | D:8      | 9943 ||| UPGRADING to +0 kite shield.
  9948 | D:8      | 9948 ||| READING scroll labelled XYROSA PEKOX.
  9949 | D:8      | 9949 ||| READING scroll labelled GIZUOW DAUWICID.
  9965 | D:9      | 9965 ||| STAIRDANCE
  9970 | D:9      | 9970 ||| STAIRDANCE
  9985 | D:9      | 9985 ||| STAIRDANCE
 10013 | D:9      | Reached skill level 1 in Shields
 10029 | D:9      | 10029 ||| Stepping ~*~*~tactically~*~*~ (hiding).
 10035 | D:9      | 10035 ||| INVOKING Berserk.
 10213 | D:9      | 10213 ||| Stepping ~*~*~tactically~*~*~ (hiding).
 10221 | D:9      | Reached skill level 3 in Shields
 10223 | D:9      | 10223 ||| Stepping ~*~*~tactically~*~*~ (hiding).
 10474 | D:9      | Noticed a cyclops
 10482 | D:9      | 10482 ||| FLEEEEING.
 10483 | D:9      | 10483 ||| FLEEEEING.
 10484 | D:9      | 10484 ||| FLEEEEING.
 10495 | D:9      | 10495 ||| INVOKING Berserk.
 10499 | D:9      | Killed a cyclops
 10609 | D:9      | Reached skill level 6 in Shields
 10684 | D:9      | Reached ***** piety under Trog
 10952 | D:9      | 10952 ||| READING 2 scrolls of identify.
 10952 | D:9      | 10952 ||| IDENTIFYING metallic orange potion
 10957 | D:10     | Entered Level 10 of the Dungeon
 10961 | D:10     | 10961 ||| Stepping ~*~*~tactically~*~*~ (hiding).
 10963 | D:10     | 10963 ||| Stepping ~*~*~tactically~*~*~ (hiding).
 11105 | D:10     | Found a stormy altar of Qazlal.
 11173 | D:10     | 11173 ||| Stepping ~*~*~tactically~*~*~ (hiding).
 11174 | D:10     | 11174 ||| Stepping ~*~*~tactically~*~*~ (hiding).
 11279 | D:10     | Found an opulent altar of Gozag.
 11287 | D:10     | Found a hide-covered altar of Uskayaw.
 11427 | D:10     | Noticed a gargoyle
 11427 | D:10     | Noticed a two-headed ogre
 11428 | D:10     | 11428 ||| Stepping ~*~*~tactically~*~*~ (hiding).
 11434 | D:10     | 11434 ||| INVOKING Berserk.
 11438 | D:10     | Killed a gargoyle
 11439 | D:10     | Reached XP level 11. HP: 97/97 MP: 10/10
 11442 | D:10     | Killed a two-headed ogre
 11450 | D:10     | 11450 ||| INVOKING Brothers in Arms.
 11451 | D:10     | 11451 ||| INVOKING Brothers in Arms.
 11466 | D:10     | Reached skill level 9 in Shields
 11471 | D:10     | 11471 ||| FLEEEEING.
 11472 | D:10     | 11472 ||| FLEEEEING.
 11473 | D:10     | 11473 ||| FLEEEEING.
 11474 | D:10     | 11474 ||| FLEEEEING.
 11475 | D:10     | 11475 ||| FLEEEEING.
 11476 | D:10     | 11476 ||| FLEEEEING.
 11477 | D:10     | 11477 ||| FLEEEEING.
 11478 | D:10     | 11478 ||| FLEEEEING.
 11479 | D:10     | 11479 ||| FLEEEEING.
 11480 | D:10     | 11480 ||| FLEEEEING.
 11481 | D:10     | 11481 ||| INVOKING Berserk.
 11594 | D:10     | 11594 ||| FLEEEEING.
 11595 | D:10     | 11595 ||| FLEEEEING.
 11596 | D:10     | 11596 ||| FLEEEEING.
 11597 | D:10     | 11597 ||| FLEEEEING.
 11598 | D:10     | 11598 ||| FLEEEEING.
 11599 | D:10     | 11599 ||| FLEEEEING.
 11600 | D:10     | 11600 ||| FLEEEEING.
 11611 | D:10     | Noticed a sun demon
 11613 | D:10     | Noticed a sun demon
 11614 | D:10     | 11614 ||| FLEEEEING.
 11624 | D:10     | 11624 ||| STAIRDANCE
 11756 | D:10     | 11756 ||| Stepping ~*~*~tactically~*~*~ (stealth).
 11762 | D:10     | Noticed a swamp dragon
 11763 | D:10     | 11763 ||| Stepping ~*~*~tactically~*~*~ (stealth).
 11764 | D:10     | 11764 ||| Stepping ~*~*~tactically~*~*~ (stealth).
 11773 | D:10     | Reached skill level 3 in Dodging
 11780 | D:10     | 11780 ||| FLEEEEING.
 11781 | D:10     | 11781 ||| FLEEEEING.
 11782 | D:10     | 11782 ||| FLEEEEING.
 11783 | D:10     | 11783 ||| FLEEEEING.
 11784 | D:10     | 11784 ||| FLEEEEING.
 11785 | D:10     | 11785 ||| FLEEEEING.
 11786 | D:10     | 11786 ||| FLEEEEING.
 11787 | D:10     | 11787 ||| FLEEEEING.
 11788 | D:10     | 11788 ||| FLEEEEING.
 11789 | D:10     | 11789 ||| FLEEEEING.
 11789 | D:10     | Noticed an ogre mage
 11790 | D:10     | 11790 ||| FLEEEEING.
 11791 | D:10     | 11791 ||| FLEEEEING.
 11792 | D:10     | 11792 ||| STAIRDANCE
 11844 | D:10     | 11844 ||| INVOKING Trog's Hand.
 11845 | D:10     | 11845 ||| INVOKING Berserk.
 11849 | D:10     | Killed an ogre mage
 11988 | D:10     | Noticed an orc knight
 11993 | D:10     | 11993 ||| INVOKING Berserk.
 11995 | D:10     | Noticed a wizard
 12006 | D:10     | Killed an orc knight
 12013 | D:10     | 12013 ||| INVOKING Trog's Hand.
 12026 | D:10     | Killed a wizard
 12320 | D:10     | Noticed a sixfirhy
 12322 | D:10     | 12322 ||| Stepping ~*~*~tactically~*~*~ (hiding).
 12324 | D:10     | 12324 ||| INVOKING Brothers in Arms.
 12325 | D:10     | 12325 ||| INVOKING Brothers in Arms.
 12326 | D:10     | 12326 ||| INVOKING Brothers in Arms.
 12327 | D:10     | 12327 ||| INVOKING Berserk.
 12344 | D:10     | HP: 36/145 [poisoned by a kobold brigand]
 12349 | D:10     | HP: 33/145 [barbs]
 12351 | D:10     | 12351 ||| READING 2 scrolls of teleportation.
 12352 | D:10     | 12352 ||| DRINKING 3 potions of heal wounds.
 12702 | D:10     | 12702 ||| Stepping ~*~*~tactically~*~*~ (stealth).
 12704 | D:10     | 12704 ||| Stepping ~*~*~tactically~*~*~ (hiding).
 12961 | D:11     | Found a staircase to the Orcish Mines.
 12962 | D:11     | 12962 ||| Stepping ~*~*~tactically~*~*~ (stealth).
 12970 | D:11     | 12970 ||| INVOKING Berserk.
 12975 | D:11     | Reached skill level 10 in Fighting
 12990 | D:11     | 12990 ||| DRINKING 3 potions of curing.
 12990 | D:11     | 12990 ||| (to cure confusion)
 13068 | D:11     | Noticed an eight-headed hydra
 13069 | D:11     | 13069 ||| INVOKING Brothers in Arms.
 13070 | D:11     | 13070 ||| SWAPPING to -1 demon whip.
 13071 | D:11     | 13071 ||| INVOKING Berserk.
 13076 | D:11     | Killed an eight-headed hydra
 13155 | D:11     | 13155 ||| SWAPPING to +2 war axe of protection.
 13317 | D:11     | 13317 ||| INVOKING Berserk.
 13323 | D:11     | Reached skill level 9 in Armour
 13505 | D:11     | 13505 ||| Stepping ~*~*~tactically~*~*~ (stealth).
 13524 | D:11     | Reached XP level 12. HP: 106/106 MP: 11/11
 13650 | D:11     | Found a staircase to the Lair.
 13673 | D:11     | Noticed a two-headed ogre
 13683 | D:11     | Killed a two-headed ogre
 13684 | D:11     | 13684 ||| FLEEEEING.
 13685 | D:11     | 13685 ||| FLEEEEING.
 13691 | D:11     | 13691 ||| FLEEEEING.
 13692 | D:11     | 13692 ||| FLEEEEING.
 13693 | D:11     | 13693 ||| FLEEEEING.
 13694 | D:11     | 13694 ||| FLEEEEING.
 13695 | D:11     | 13695 ||| FLEEEEING.
 13705 | D:11     | 13705 ||| STAIRDANCE
 13836 | D:10     | 13836 ||| DROPPING +4 chain mail.
 13837 | D:10     | 13837 ||| READING scroll labelled NAM VOGETZEU.
 14041 | D:11     | Noticed a two-headed ogre
 14052 | D:11     | Killed a two-headed ogre
 14053 | D:11     | Reached skill level 11 in Fighting
 14178 | D:11     | 14178 ||| PLANNING LAIR
 14178 | D:11     | 14178 ||| DRINKING 2 metallic blue potions.
 14202 | D:11     | 14202 ||| DROPPING potion of lignification.
 14256 | Lair:1   | Entered Level 1 of the Lair of Beasts
 14261 | Lair:1   | 14261 ||| INVOKING Berserk.
 14521 | Lair:1   | 14521 ||| READING scroll of enchant weapon.
 14521 | Lair:1   | 14521 ||| ENCHANTING +2 war axe of protection.
 14536 | Lair:1   | 14536 ||| Stepping ~*~*~tactically~*~*~ (stealth).
 14580 | Lair:1   | 14580 ||| Stepping ~*~*~tactically~*~*~ (stealth).
 14581 | Lair:1   | 14581 ||| Stepping ~*~*~tactically~*~*~ (stealth).
 14634 | Lair:1   | Noticed a seven-headed hydra
 14635 | Lair:1   | 14635 ||| Stepping ~*~*~tactically~*~*~ (stealth).
 14638 | Lair:1   | 14638 ||| INVOKING Brothers in Arms.
 14639 | Lair:1   | 14639 ||| INVOKING Brothers in Arms.
 14640 | Lair:1   | 14640 ||| INVOKING Brothers in Arms.
 14641 | Lair:1   | 14641 ||| SWAPPING to -1 demon whip.
 14642 | Lair:1   | 14642 ||| INVOKING Berserk.
 14646 | Lair:1   | Killed a seven-headed hydra
 14660 | Lair:1   | 14660 ||| SWAPPING to +3 war axe of protection.
 14803 | Lair:1   | 14803 ||| READING scroll of enchant weapon.
 14803 | Lair:1   | 14803 ||| ENCHANTING +3 war axe of protection.
 14850 | Lair:1   | 14850 ||| INVOKING Berserk.
 15012 | Lair:1   | Identified the +3 scale mail of Duty {rC+ Int+4}
 15368 | Lair:1   | 15368 ||| READING scroll labelled PUETWE ROSISCH.
 15369 | Lair:1   | 15369 ||| READING scroll labelled AWYROGGEAKE.
 15370 | Lair:1   | 15370 ||| READING 3 scrolls of identify.
 15370 | Lair:1   | 15370 ||| IDENTIFYING fizzy cyan potion
 15371 | Lair:1   | 15371 ||| READING 2 scrolls of identify.
 15371 | Lair:1   | 15371 ||| IDENTIFYING sapphire potion
 15372 | Lair:1   | 15372 ||| DROPPING potion of magic.
 15398 | Lair:2   | 15398 ||| INVOKING Berserk.
 15403 | Lair:2   | Reached skill level 12 in Shields
 15405 | Lair:2   | 15405 ||| STAIRDANCE
 15549 | Lair:2   | 15549 ||| INVOKING Berserk.
 15557 | Lair:2   | 15557 ||| FLEEEEING.
 15558 | Lair:2   | 15558 ||| FLEEEEING.
 15559 | Lair:2   | 15559 ||| STAIRDANCE
 15670 | Lair:2   | 15670 ||| STAIRDANCE
 15718 | Lair:2   | 15718 ||| INVOKING Berserk.
 15861 | Lair:2   | 15861 ||| Stepping ~*~*~tactically~*~*~ (stealth).
 15919 | Lair:2   | 15919 ||| Stepping ~*~*~tactically~*~*~ (stealth).
 15930 | Lair:2   | 15930 ||| INVOKING Berserk.
 15935 | Lair:2   | Reached skill level 12 in Fighting
 16153 | Lair:2   | Noticed a four-headed hydra
 16154 | Lair:2   | 16154 ||| INVOKING Brothers in Arms.
 16157 | Lair:2   | 16157 ||| SWAPPING to -1 demon whip.
 16158 | Lair:2   | 16158 ||| INVOKING Berserk.
 16167 | Lair:2   | Killed a four-headed hydra
 16253 | Lair:2   | 16253 ||| SWAPPING to +4 war axe of protection.
 16433 | Lair:2   | 16433 ||| READING scroll of enchant weapon.
 16433 | Lair:2   | 16433 ||| ENCHANTING +4 war axe of protection.
 16665 | Lair:2   | Noticed a death yak
 16670 | Lair:2   | 16670 ||| INVOKING Berserk.
 16676 | Lair:2   | Killed a death yak
 16685 | Lair:2   | Reached XP level 13. HP: 63/119 MP: 12/12
 16946 | Lair:2   | Noticed a dire elephant
 16966 | Lair:2   | Found a runed translucent door.
 17073 | Lair:2   | Found a staircase to the Shoals.
 17359 | Lair:3   | Found a hole to the Spider Nest.
 17468 | Lair:3   | 17468 ||| Stepping ~*~*~tactically~*~*~ (stealth).
 17470 | Lair:3   | 17470 ||| Stepping ~*~*~tactically~*~*~ (stealth).
 17472 | Lair:3   | 17472 ||| INVOKING Berserk.
 17482 | Lair:3   | Reached skill level 13 in Fighting
 17616 | Lair:3   | 17616 ||| Stepping ~*~*~tactically~*~*~ (stealth).
 17695 | Lair:3   | 17695 ||| Stepping ~*~*~tactically~*~*~ (hiding).
 17811 | Lair:3   | 17811 ||| Stepping ~*~*~tactically~*~*~ (hiding).
 17907 | Lair:3   | 17907 ||| Stepping ~*~*~tactically~*~*~ (stealth).
 17908 | Lair:3   | 17908 ||| Stepping ~*~*~tactically~*~*~ (stealth).
 17917 | Lair:3   | 17917 ||| Stepping ~*~*~tactically~*~*~ (stealth).
 17929 | Lair:3   | Reached skill level 12 in Armour
 18102 | Lair:3   | Found a hide-covered altar of Uskayaw.
 18108 | Lair:3   | 18108 ||| INVOKING Berserk.
 18795 | Lair:3   | 18795 ||| UPGRADING to +0 pearl dragon scales.
 18805 | Lair:3   | 18805 ||| DROPPING +0 plate armour.
 18806 | Lair:3   | 18806 ||| READING 2 scrolls of identify.
 18806 | Lair:3   | 18806 ||| IDENTIFYING sedimented dark potion
 18899 | Lair:4   | 18899 ||| Stepping ~*~*~tactically~*~*~ (stealth).
 18935 | Lair:4   | 18935 ||| Stepping ~*~*~tactically~*~*~ (stealth).
 18943 | Lair:4   | 18943 ||| INVOKING Berserk.
 19111 | Lair:4   | 19111 ||| INVOKING Berserk.
 19115 | Lair:4   | Reached skill level 6 in Dodging
 19277 | Lair:4   | Identified the +1 chain mail "Noedob" {rC+ rN+}
 19300 | Lair:4   | 19300 ||| Stepping ~*~*~tactically~*~*~ (stealth).
 19302 | Lair:4   | 19302 ||| Stepping ~*~*~tactically~*~*~ (stealth).
 19587 | Lair:4   | 19587 ||| Stepping ~*~*~tactically~*~*~ (hiding).
 19600 | Lair:4   | 19600 ||| INVOKING Berserk.
 19738 | Lair:4   | 19738 ||| Stepping ~*~*~tactically~*~*~ (stealth).
 19740 | Lair:4   | 19740 ||| Stepping ~*~*~tactically~*~*~ (stealth).
 19741 | Lair:4   | 19741 ||| INVOKING Berserk.
 19932 | Lair:4   | 19932 ||| INVOKING Brothers in Arms.
 19934 | Lair:4   | 19934 ||| SWAPPING to -1 demon whip.
 19935 | Lair:4   | 19935 ||| INVOKING Berserk.
 19939 | Lair:4   | Reached skill level 14 in Fighting
 19951 | Lair:4   | 19951 ||| SWAPPING to +5 war axe of protection.
 20135 | Lair:4   | Found a staircase to the Slime Pits.
 20137 | Lair:4   | 20137 ||| FLEEEEING.
 20138 | Lair:4   | 20138 ||| FLEEEEING.
 20139 | Lair:4   | 20139 ||| FLEEEEING.
 20315 | Lair:4   | 20315 ||| INVOKING Berserk.
 20748 | Lair:4   | 20748 ||| DROPPING +1 chain mail "Noedob" {rC+ rN+}.
 20749 | Lair:4   | 20749 ||| READING scroll labelled TUXZA GOLAWNA.
 20794 | Lair:5   | Entered Level 5 of the Lair of Beasts
 20795 | Lair:5   | 20795 ||| PLANNING GAUNTLET
 20845 | Lair:5   | 20845 ||| INVOKING Berserk.
 20962 | Lair:5   | 20962 ||| SWAPPING to -1 demon whip.
 20963 | Lair:5   | 20963 ||| INVOKING Berserk.
 20997 | Lair:5   | 20997 ||| SWAPPING to +5 war axe of protection.
 21106 | Lair:5   | Noticed a dire elephant
 21109 | Lair:5   | 21109 ||| INVOKING Berserk.
 21121 | Lair:5   | Killed a dire elephant
 21126 | Lair:5   | Reached skill level 15 in Fighting
 21133 | Lair:5   | 21133 ||| DRINKING potion of cancellation.
 21139 | Lair:5   | 21139 ||| Stepping ~*~*~tactically~*~*~ (cloud).
 21145 | Lair:5   | 21145 ||| Stepping ~*~*~tactically~*~*~ (cloud).
 21149 | Lair:5   | HP: 29/126 [catoblepas (3)]
 21150 | Lair:5   | 21150 ||| READING 3 scrolls of teleportation.
 21151 | Lair:5   | 21151 ||| DRINKING 4 potions of heal wounds.
 21153 | Lair:5   | 21153 ||| Stepping ~*~*~tactically~*~*~ (cloud).
 21326 | Lair:5   | 21326 ||| FLEEEEING.
 21328 | Lair:5   | 21328 ||| STAIRDANCE
 21469 | Lair:5   | 21469 ||| RIP GAUNTLET
 21470 | Lair:5   | 21470 ||| PLANNING LAIR
 21490 | Lair:5   | 21490 ||| INVOKING Berserk.
 21663 | Lair:5   | 21663 ||| INVOKING Brothers in Arms.
 21664 | Lair:5   | 21664 ||| INVOKING Brothers in Arms.
 21666 | Lair:5   | 21666 ||| SWAPPING to -1 demon whip.
 21667 | Lair:5   | 21667 ||| INVOKING Berserk.
 21676 | Lair:5   | 21676 ||| SWAPPING to +5 war axe of protection.
 21812 | Lair:5   | Reached XP level 14. HP: 132/135 MP: 13/13
 22098 | Lair:5   | 22098 ||| Stepping ~*~*~tactically~*~*~ (stealth).
 22100 | Lair:5   | 22100 ||| Stepping ~*~*~tactically~*~*~ (stealth).
 22109 | Lair:5   | 22109 ||| SWAPPING to -1 demon whip.
 22110 | Lair:5   | 22110 ||| INVOKING Berserk.
 22123 | Lair:5   | Reached skill level 15 in Shields
 22132 | Lair:5   | 22132 ||| SWAPPING to +5 war axe of protection.
 22292 | Lair:5   | 22292 ||| Stepping ~*~*~tactically~*~*~ (stealth).
 22303 | Lair:5   | 22303 ||| Stepping ~*~*~tactically~*~*~ (stealth).
 22307 | Lair:5   | 22307 ||| Stepping ~*~*~tactically~*~*~ (hiding).
 22342 | Lair:5   | 22342 ||| READING scroll of brand weapon.
 22342 | Lair:5   | 22342 ||| BRANDING +5 war axe of protection.
 22343 | Lair:5   | 22343 ||| DROPPING -1 demon whip.
 22390 | Lair:5   | 22390 ||| Stepping ~*~*~tactically~*~*~ (water).
 22399 | Lair:5   | 22399 ||| INVOKING Trog's Hand.
 22403 | Lair:5   | 22403 ||| INVOKING Berserk.
 22407 | Lair:5   | Found the ring of the Octopus King
 22414 | Lair:5   | 22414 ||| INVOKING Trog's Hand.
 22482 | Lair:5   | 22482 ||| Stepping ~*~*~tactically~*~*~ (stealth).
 22486 | Lair:5   | 22486 ||| Stepping ~*~*~tactically~*~*~ (stealth).
 22491 | Lair:5   | 22491 ||| INVOKING Berserk.
 22636 | Lair:5   | Identified a ring of the Octopus King {rC+ HP+2 AC+2 EV+2
                  | SH+2}
 22646 | Lair:5   | Identified the +6 battleaxe of Kadeocw {freeze, Int+2
                  | Stlth+}
 22651 | Lair:5   | Identified the amulet of Fiuveasch {Fly Regen+ Slay+3}
 22960 | Lair:5   | 22960 ||| PLANNING D
 22960 | Lair:5   | 22960 ||| DROPPING amulet of guardian spirit.
 22961 | Lair:5   | 22961 ||| UPGRADING to amulet of Fiuveasch {Fly Regen+
                  | Slay+3}.
 22971 | Lair:5   | 22971 ||| DROPPING amulet of the acrobat.
 22972 | Lair:5   | 22972 ||| UPGRADING to ring of the Octopus King {rC+ HP+2
                  | AC+2 EV+2 SH+2}.
 22975 | Lair:5   | 22975 ||| READING 2 scrolls of identify.
 22975 | Lair:5   | 22975 ||| IDENTIFYING yellow potion
 22976 | Lair:5   | 22976 ||| DROPPING potion of ambrosia.
 23098 | D:12     | 23098 ||| INVOKING Berserk.
 23248 | D:12     | 23248 ||| READING scroll of enchant weapon.
 23248 | D:12     | 23248 ||| ENCHANTING +5 war axe of flaming.
 23361 | D:12     | 23361 ||| Stepping ~*~*~tactically~*~*~ (hiding).
 23370 | D:12     | Reached skill level 3 in Throwing
 23504 | D:12     | Found an iron altar of Okawaru.
 23506 | D:12     | 23506 ||| INVOKING Berserk.
 23647 | D:12     | 23647 ||| DROPPING +1 vorpal war axe.
 23648 | D:12     | Identified the +3 long sword of the Firefly {venom, rElec
                  | rPois rN+ Dex-4}
 23660 | D:12     | Identified the +2 pair of gloves of Whack-A-Mole {rC+ rN+
                  | Regen+}
 23698 | D:12     | Identified the +3 leather armour of the Devil's Advocate
                  | {+Inv rN++ Will+}
 23876 | D:12     | 23876 ||| Stepping ~*~*~tactically~*~*~ (hiding).
 23899 | D:12     | 23899 ||| Stepping ~*~*~tactically~*~*~ (hiding).
 24142 | D:12     | Found Woku Daf's Weapon Shoppe.
 24196 | D:12     | 24196 ||| UPGRADING to +2 pair of gloves of Whack-A-Mole
                  | {rC+ rN+ Regen+}.
 24206 | D:12     | 24206 ||| DROPPING +1 pair of gloves.
 24207 | D:12     | 24207 ||| DROPPING +0 chain mail of cold resistance.
 24208 | D:12     | 24208 ||| READING 2 scrolls of identify.
 24208 | D:12     | 24208 ||| IDENTIFYING dark potion
 24209 | D:12     | 24209 ||| DROPPING 2 boomerangs of dispersal.
 24210 | D:12     | 24210 ||| DROPPING 23 boomerangs.
 24211 | D:12     | 24211 ||| DROPPING 8 silver boomerangs.
 24212 | D:12     | 24212 ||| DROPPING potion of berserk rage.
 24390 | D:13     | Reached skill level 6 in Throwing
 24754 | D:13     | 24754 ||| READING scroll of enchant weapon.
 24754 | D:13     | 24754 ||| ENCHANTING +6 war axe of flaming.
 24939 | D:14     | 24939 ||| Stepping ~*~*~tactically~*~*~ (hiding).
 24942 | D:14     | 24942 ||| INVOKING Trog's Hand.
 24946 | D:14     | 24946 ||| FLEEEEING.
 24993 | D:14     | Found a gate to the Vaults.
 25078 | D:14     | Noticed Jorgrun
 25082 | D:14     | 25082 ||| INVOKING Berserk.
 25087 | D:14     | Killed Jorgrun
 25088 | D:14     | Reached skill level 9 in Throwing
 25244 | D:14     | 25244 ||| Stepping ~*~*~tactically~*~*~ (hiding).
 25386 | D:14     | 25386 ||| Stepping ~*~*~tactically~*~*~ (stealth).
 25388 | D:14     | 25388 ||| Stepping ~*~*~tactically~*~*~ (hiding).
 25398 | D:14     | 25398 ||| INVOKING Berserk.
 25620 | D:14     | 25620 ||| Stepping ~*~*~tactically~*~*~ (stealth).
 25701 | D:14     | 25701 ||| Stepping ~*~*~tactically~*~*~ (hiding).
 25718 | D:14     | 25718 ||| Stepping ~*~*~tactically~*~*~ (hiding).
 25797 | D:14     | Noticed Azrael
 25798 | D:14     | 25798 ||| Stepping ~*~*~tactically~*~*~ (hiding).
 25800 | D:14     | 25800 ||| INVOKING Berserk.
 25808 | D:14     | Killed Azrael
 25809 | D:14     | Reached skill level 16 in Fighting
 25809 | D:14     | Reached XP level 15. HP: 144/144 MP: 14/14
 26198 | D:14     | 26198 ||| READING 4 scrolls of teleportation.
 26291 | D:14     | 26291 ||| READING 3 scrolls of teleportation.
 26352 | D:14     | 26352 ||| INVOKING Berserk.
 26526 | D:14     | 26526 ||| Stepping ~*~*~tactically~*~*~ (stealth).
 26528 | D:14     | 26528 ||| Stepping ~*~*~tactically~*~*~ (hiding).
 26638 | D:14     | 26638 ||| READING 2 scrolls of teleportation.
 26647 | D:14     | 26647 ||| READING scroll of teleportation.
 26849 | D:15     | Entered Level 15 of the Dungeon
 26849 | D:15     | Noticed Rupert
 26850 | D:15     | 26850 ||| INVOKING Trog's Hand.
 26851 | D:15     | 26851 ||| INVOKING Berserk.
 26857 | D:15     | Killed Rupert
 26862 | D:15     | 26862 ||| STAIRDANCE
 26969 | D:15     | 26969 ||| Stepping ~*~*~tactically~*~*~ (hiding).
 26971 | D:15     | 26971 ||| INVOKING Berserk.
 26979 | D:15     | 26979 ||| FLEEEEING.
 26980 | D:15     | 26980 ||| FLEEEEING.
 26981 | D:15     | 26981 ||| STAIRDANCE
 27100 | D:15     | 27100 ||| STAIRDANCE
 27113 | D:15     | 27113 ||| INVOKING Berserk.
 27250 | D:15     | 27250 ||| INVOKING Berserk.
 27383 | D:15     | 27383 ||| Stepping ~*~*~tactically~*~*~ (stealth).
 27384 | D:15     | 27384 ||| Stepping ~*~*~tactically~*~*~ (stealth).
 27388 | D:15     | 27388 ||| Stepping ~*~*~tactically~*~*~ (stealth).
 27393 | D:15     | 27393 ||| INVOKING Berserk.
 27400 | D:15     | Reached skill level 17 in Fighting
 27634 | D:15     | 27634 ||| Stepping randomly (stuck).
 27635 | D:15     | 27635 ||| Stepping randomly (stuck).
 27636 | D:15     | 27636 ||| Stepping randomly (stuck).
 27637 | D:15     | 27637 ||| Stepping randomly (stuck).
 27766 | D:15     | 27766 ||| INVOKING Berserk.
 27794 | D:15     | 27794 ||| Stepping ~*~*~tactically~*~*~ (stealth).
 27795 | D:15     | 27795 ||| Stepping ~*~*~tactically~*~*~ (stealth).
 28009 | D:15     | 28009 ||| INVOKING Trog's Hand.
 28010 | D:15     | 28010 ||| INVOKING Berserk.
 28040 | D:15     | 28040 ||| FLEEEEING.
 28045 | D:15     | 28045 ||| STAIRDANCE
 28147 | D:14     | 28147 ||| READING 2 scrolls of identify.
 28147 | D:14     | 28147 ||| IDENTIFYING bubbling inky potion
 28148 | D:14     | 28148 ||| DROPPING potion of brilliance.
 28168 | D:15     | Found a staircase to the Depths.
 28169 | D:15     | 28169 ||| Stepping ~*~*~tactically~*~*~ (stealth).
 28174 | D:15     | 28174 ||| Stepping ~*~*~tactically~*~*~ (stealth).
 28278 | D:15     | 28278 ||| PLANNING ORC
 28417 | Orc:1    | Entered Level 1 of the Orcish Mines
 28417 | Orc:1    | Noticed Maurice
 28432 | Orc:1    | Killed Maurice
 28432 | Orc:1    | Identified the +6 broad axe "Irksome Ogreslayer" {flame,
                  | rPois rF- rN+} (Trog gifted it to you on level 1 of the
                  | Orcish Mines)
 28432 | Orc:1    | Received a gift from Trog
 28434 | Orc:1    | 28434 ||| SWAPPING to +6 broad axe "Irksome Ogreslayer"
                  | {flame, rPois rF- rN+, mikee}.
 28435 | Orc:1    | 28435 ||| REMOVING ring of poison resistance.
 28453 | Orc:1    | Noticed an orc warlord
 28454 | Orc:1    | 28454 ||| INVOKING Brothers in Arms.
 28457 | Orc:1    | 28457 ||| INVOKING Trog's Hand.
 28458 | Orc:1    | 28458 ||| INVOKING Berserk.
 28461 | Orc:1    | Noticed Erolcha
 28465 | Orc:1    | Killed an orc warlord
 28471 | Orc:1    | Killed Erolcha
 28540 | Orc:1    | 28540 ||| INVOKING Berserk.
 28587 | Orc:1    | 28587 ||| Stepping ~*~*~tactically~*~*~ (stealth).
 28652 | Orc:1    | 28652 ||| Stepping ~*~*~tactically~*~*~ (stealth).
 28713 | Orc:1    | 28713 ||| Stepping ~*~*~tactically~*~*~ (stealth).
 28714 | Orc:1    | 28714 ||| Stepping ~*~*~tactically~*~*~ (stealth).
 28951 | Orc:1    | 28951 ||| UPGRADING to +2 cloak of stealth.
 28961 | Orc:1    | 28961 ||| DROPPING +0 cloak.
 28962 | Orc:1    | 28962 ||| UPGRADING to +9 plate armour of ponderousness.
 28972 | Orc:1    | 28972 ||| DROPPING +0 pearl dragon scales.
 28973 | Orc:1    | 28973 ||| UPGRADING to ring of willpower.
 28974 | Orc:1    | 28974 ||| UPGRADING to ring of protection from fire.
 28976 | Orc:1    | 28976 ||| UPGRADING to ring of see invisible.
 28981 | Orc:2    | Entered Level 2 of the Orcish Mines
 28993 | Orc:2    | Found a staircase to the Elven Halls.
 29017 | Orc:2    | 29017 ||| INVOKING Trog's Hand.
 29018 | Orc:2    | Noticed an orc warlord
 29019 | Orc:2    | 29019 ||| INVOKING Brothers in Arms.
 29020 | Orc:2    | Found Xulokebo's Antique Weapon Emporium.
 29021 | Orc:2    | 29021 ||| INVOKING Berserk.
 29032 | Orc:2    | Killed an orc warlord
 29175 | Orc:2    | 29175 ||| BUYING smoking war axe (204 gold).
 29175 | Orc:2    | Bought a smoking war axe for 204 gold pieces
 29175 | Orc:2    | Identified the +6 war axe of Hubris {vorpal, *Rage rCorr
                  | Str-4 Int+5} (You bought it in a shop on level 2 of the
                  | Orcish Mines)
 29175 | Orc:2    | 29175 ||| DROPPING +6 war axe of Hubris {vorpal, *Rage
                  | rCorr Str-4 Int+5}.
 29204 | Orc:2    | 29204 ||| Stepping ~*~*~tactically~*~*~ (stealth).
 29205 | Orc:2    | 29205 ||| Stepping ~*~*~tactically~*~*~ (hiding).
 29210 | Orc:2    | Found Lasatsev's Jewellery Emporium.
 29215 | Orc:2    | 29215 ||| INVOKING Berserk.
 29236 | Orc:2    | 29236 ||| INVOKING Trog's Hand.
 29266 | Orc:2    | 29266 ||| FLEEEEING.
 29279 | Orc:2    | 29279 ||| BUYING +6 ring of dexterity (468 gold).
 29279 | Orc:2    | Bought a +6 ring of dexterity for 468 gold pieces
 29279 | Orc:2    | 29279 ||| BUYING amulet "Fuel" {Spirit rPois Dex+5 SInv}
                  | (726 gold).
 29279 | Orc:2    | Bought the amulet "Fuel" {Spirit rPois Dex+5 SInv} for 726
                  | gold pieces
 29279 | Orc:2    | 29279 ||| SHOPLISTING ring "Weulidgha" {Contam rC+ Will+
                  | Str+6 Int+2 Dex+4} (743 gold, have 348).
 29279 | Orc:2    | 29279 ||| SHOPLISTING ring of Agrodwy {rF- Str+7 Dex+6}
                  | (659 gold, have 348).
 29281 | Orc:2    | 29281 ||| INVOKING Berserk.
 29298 | Orc:2    | 29298 ||| INVOKING Trog's Hand.
 29633 | Orc:2    | Found Xyefatz's General Store.
 29642 | Orc:2    | 29642 ||| BUYING potion of cancellation (80 gold).
 29642 | Orc:2    | Bought a potion of cancellation for 80 gold pieces
 29642 | Orc:2    | 29642 ||| BUYING scroll of identify (20 gold).
 29642 | Orc:2    | Bought a scroll of identify for 20 gold pieces
 29642 | Orc:2    | 29642 ||| BUYING scroll of teleportation (30 gold).
 29642 | Orc:2    | Bought a scroll of teleportation for 30 gold pieces
 29689 | Orc:2    | Found Tuyhuun's Antique Armour Shop.
 29752 | Orc:2    | 29752 ||| SHOPLISTING +2 cloak of the Thief {*Fog Slay-2
                  | SInv Stlth+} (502 gold, have 335).
 29752 | Orc:2    | 29752 ||| BUYING glowing chain mail (187 gold).
 29752 | Orc:2    | Bought a glowing chain mail for 187 gold pieces
 30038 | Orc:2    | 30038 ||| PLANNING SPIDER:1-3
 30038 | Orc:2    | 30038 ||| DROPPING ring of resist corrosion.
 30039 | Orc:2    | 30039 ||| DROPPING ring of willpower.
 30196 | Spider:1 | Entered Level 1 of the Spider Nest
 30203 | Spider:1 | 30203 ||| Stepping ~*~*~tactically~*~*~ (stealth).
 30205 | Spider:1 | 30205 ||| Stepping ~*~*~tactically~*~*~ (stealth).
 30208 | Spider:1 | 30208 ||| INVOKING Berserk.
 30215 | Spider:1 | Reached skill level 18 in Axes
 30215 | Spider:1 | Reached XP level 16. HP: 155/155 MP: 15/15
 30304 | Spider:1 | 30304 ||| Stepping ~*~*~tactically~*~*~ (stealth).
 30305 | Spider:1 | 30305 ||| Stepping ~*~*~tactically~*~*~ (stealth).
 30306 | Spider:1 | 30306 ||| INVOKING Brothers in Arms.
 30320 | Spider:1 | Reached skill level 15 in Armour
 30324 | Spider:1 | 30324 ||| INVOKING Brothers in Arms.
 30326 | Spider:1 | 30326 ||| INVOKING Brothers in Arms.
 30426 | Spider:1 | 30426 ||| Stepping ~*~*~tactically~*~*~ (stealth).
 30427 | Spider:1 | 30427 ||| Stepping ~*~*~tactically~*~*~ (stealth).
 30429 | Spider:1 | 30429 ||| INVOKING Berserk.
 30801 | Spider:1 | 30801 ||| Stepping ~*~*~tactically~*~*~ (hiding).
 30811 | Spider:1 | 30811 ||| INVOKING Berserk.
 30825 | Spider:1 | 30825 ||| INVOKING Brothers in Arms.
 30984 | Spider:1 | 30984 ||| DROPPING amulet of regeneration.
 31018 | Spider:2 | 31018 ||| INVOKING Brothers in Arms.
 31308 | Spider:2 | 31308 ||| INVOKING Brothers in Arms.
 31309 | Spider:2 | 31309 ||| INVOKING Brothers in Arms.
 31466 | Spider:2 | 31466 ||| Stepping ~*~*~tactically~*~*~ (stealth).
 31476 | Spider:2 | Reached skill level 18 in Fighting
 31717 | Spider:2 | 31717 ||| INVOKING Berserk.
 31751 | Spider:2 | 31751 ||| Stepping ~*~*~tactically~*~*~ (stealth).
 31819 | Spider:2 | 31819 ||| Stepping ~*~*~tactically~*~*~ (stealth).
 31833 | Spider:2 | 31833 ||| READING scroll of enchant armour.
 31833 | Spider:2 | 31833 ||| ENCHANTING +9 plate armour of ponderousness.
 31840 | Spider:2 | 31840 ||| Stepping ~*~*~tactically~*~*~ (stealth).
 32010 | Spider:2 | 32010 ||| Stepping ~*~*~tactically~*~*~ (stealth).
 32023 | Spider:2 | 32023 ||| Stepping ~*~*~tactically~*~*~ (stealth).
 32468 | Spider:2 | 32468 ||| DROPPING +3 chain mail of poison resistance.
 32481 | Spider:3 | 32481 ||| INVOKING Brothers in Arms.
 32482 | Spider:3 | 32482 ||| INVOKING Brothers in Arms.
 32619 | Spider:3 | 32619 ||| FLEEEEING.
 32620 | Spider:3 | 32620 ||| STAIRDANCE
 32628 | Spider:3 | 32628 ||| STAIRDANCE
 32637 | Spider:3 | 32637 ||| STAIRDANCE
 32643 | Spider:3 | 32643 ||| STAIRDANCE
 32647 | Spider:3 | 32647 ||| STAIRDANCE
 32694 | Spider:3 | 32694 ||| Stepping ~*~*~tactically~*~*~ (hiding).
 32697 | Spider:3 | 32697 ||| INVOKING Berserk.
 32757 | Spider:3 | 32757 ||| Stepping ~*~*~tactically~*~*~ (stealth).
 32805 | Spider:3 | 32805 ||| Stepping ~*~*~tactically~*~*~ (stealth).
 32807 | Spider:3 | 32807 ||| INVOKING Berserk.
 32943 | Spider:3 | 32943 ||| Stepping ~*~*~tactically~*~*~ (stealth).
 33001 | Spider:3 | 33001 ||| Stepping ~*~*~tactically~*~*~ (stealth).
 33003 | Spider:3 | 33003 ||| Stepping ~*~*~tactically~*~*~ (stealth).
 33016 | Spider:3 | 33016 ||| INVOKING Berserk.
 33180 | Spider:3 | 33180 ||| INVOKING Berserk.
 33193 | Spider:3 | 33193 ||| Stepping ~*~*~tactically~*~*~ (stealth).
 33216 | Spider:3 | 33216 ||| Stepping ~*~*~tactically~*~*~ (stealth).
 33253 | Spider:3 | 33253 ||| Stepping ~*~*~tactically~*~*~ (stealth).
 33255 | Spider:3 | 33255 ||| Stepping ~*~*~tactically~*~*~ (stealth).
 33257 | Spider:3 | 33257 ||| Stepping ~*~*~tactically~*~*~ (stealth).
 33277 | Spider:3 | 33277 ||| Stepping ~*~*~tactically~*~*~ (hiding).
 33313 | Spider:3 | 33313 ||| Stepping ~*~*~tactically~*~*~ (stealth).
 33317 | Spider:3 | 33317 ||| Stepping ~*~*~tactically~*~*~ (hiding).
 33319 | Spider:3 | 33319 ||| Stepping ~*~*~tactically~*~*~ (hiding).
 33329 | Spider:3 | 33329 ||| DRINKING potion of cancellation.
 33472 | Spider:3 | 33472 ||| INVOKING Berserk.
 33672 | Spider:3 | 33672 ||| Stepping ~*~*~tactically~*~*~ (stealth).
 33673 | Spider:3 | 33673 ||| INVOKING Berserk.
 33907 | Spider:3 | 33907 ||| PLANNING SHOALS:1-3
 33907 | Spider:3 | 33907 ||| DROPPING +1 pair of gloves.
 33995 | Shoals:1 | Entered Level 1 of the Shoals
 34006 | Shoals:1 | Noticed Josephine
 34012 | Shoals:1 | Reached skill level 19 in Fighting
 34013 | Shoals:1 | Killed Josephine
 34090 | Shoals:1 | Reached XP level 17. HP: 168/168 MP: 16/16
 34148 | Shoals:1 | 34148 ||| INVOKING Berserk.
 34244 | Shoals:1 | 34244 ||| INVOKING Berserk.
 34449 | Shoals:1 | 34449 ||| INVOKING Berserk.
 34662 | Shoals:1 | You are sucked into a shaft and drop 1 floor!
 34672 | Shoals:2 | 34672 ||| DROPPING boomerang.
 34688 | Shoals:2 | Identified the +7 demon whip of Enormous Conscience {chaos,
                  | Int+3}
 34932 | Shoals:1 | Identified Roxanne's Verses on Grit
 34932 | Shoals:1 | Noticed Roxanne
 34937 | Shoals:1 | 34937 ||| INVOKING Berserk.
 34948 | Shoals:1 | Killed Roxanne
 35393 | Shoals:2 | 35393 ||| INVOKING Berserk.
 35562 | Shoals:2 | 35562 ||| Stepping ~*~*~tactically~*~*~ (hiding).
 35563 | Shoals:2 | 35563 ||| Stepping ~*~*~tactically~*~*~ (hiding).
 35601 | Shoals:2 | 35601 ||| Stepping ~*~*~tactically~*~*~ (hiding).
 36096 | Shoals:3 | Noticed a kraken
 36104 | Shoals:3 | Killed a kraken
 36121 | Shoals:3 | Noticed Ilsuiw
 36122 | Shoals:3 | 36122 ||| Stepping ~*~*~tactically~*~*~ (hiding).
 36127 | Shoals:3 | 36127 ||| INVOKING Berserk.
 36148 | Shoals:3 | Found Zauhoer's Antique Weapon Boutique.
 36161 | Shoals:3 | Killed Ilsuiw
 36285 | Shoals:3 | 36285 ||| INVOKING Berserk.
 36505 | Shoals:3 | Identified the amulet "Riech" {rC+ Regen+}
 36717 | Shoals:3 | 36717 ||| Stepping ~*~*~tactically~*~*~ (hiding).
 36852 | Shoals:3 | Reached skill level 20 in Fighting
 36879 | Shoals:3 | Identified the ring of the Trilobite {rElec Str+4 Int+3
                  | Dex+6}
 37056 | Shoals:3 | 37056 ||| PLANNING SPIDER:4
 37056 | Shoals:3 | 37056 ||| DROPPING amulet "Riech" {rC+ Regen+}.
 37057 | Shoals:3 | 37057 ||| DROPPING ring of poison resistance.
 37058 | Shoals:3 | 37058 ||| DROPPING +6 ring of dexterity.
 37059 | Shoals:3 | 37059 ||| UPGRADING to ring of the Trilobite {rElec Str+4
                  | Int+3 Dex+6}.
 37061 | Shoals:3 | 37061 ||| UPGRADING to ring of the Octopus King {rC+ HP+2
                  | AC+2 EV+2 SH+2}.
 37064 | Shoals:3 | 37064 ||| DROPPING ring of see invisible.
 37219 | Spider:4 | Entered Level 4 of the Spider Nest
 37234 | Spider:4 | 37234 ||| Stepping ~*~*~tactically~*~*~ (stealth).
 37281 | Spider:4 | 37281 ||| INVOKING Brothers in Arms.
 37283 | Spider:4 | 37283 ||| INVOKING Berserk.
 37304 | Spider:4 | Reached skill level 9 in Dodging
 37319 | Spider:4 | 37319 ||| INVOKING Brothers in Arms.
 37320 | Spider:4 | HP: 34/172 [pharaoh ant (21)]
 37321 | Spider:4 | 37321 ||| READING 3 scrolls of teleportation.
 37321 | Spider:4 | HP: 9/170 [boulder beetle (26)]
 37321 | Spider:4 | HP: 4/170 [tarantella (2)]
 37322 | Spider:4 | 37322 ||| DRINKING 4 potions of heal wounds.
 37323 | Spider:4 | 37323 ||| DRINKING 3 potions of heal wounds.
 37331 | Spider:4 | 37331 ||| INVOKING Brothers in Arms.
 37346 | Spider:4 | 37346 ||| INVOKING Berserk.
 37496 | Spider:4 | 37496 ||| Stepping ~*~*~tactically~*~*~ (stealth).
 37498 | Spider:4 | 37498 ||| Stepping ~*~*~tactically~*~*~ (stealth).
 37537 | Spider:4 | 37537 ||| FLEEEEING.
 37538 | Spider:4 | 37538 ||| FLEEEEING.
 37539 | Spider:4 | 37539 ||| FLEEEEING.
 37540 | Spider:4 | 37540 ||| FLEEEEING.
 37541 | Spider:4 | 37541 ||| FLEEEEING.
 37542 | Spider:4 | 37542 ||| STAIRDANCE
 37719 | Spider:4 | 37719 ||| Stepping ~*~*~tactically~*~*~ (stealth).
 37793 | Spider:4 | Identified the +0 hat of Valiance {Dex+3}
 37796 | Spider:4 | Got a gossamer rune of Zot
 37954 | Spider:4 | 37954 ||| PLANNING VAULTS:1-4
 37954 | Spider:4 | 37954 ||| DROPPING scarf of repulsion.
 37955 | Spider:4 | 37955 ||| UPGRADING to +0 hat of Valiance {Dex+3}.
 38158 | Vaults:1 | Entered Level 1 of the Vaults
 38163 | Vaults:1 | 38163 ||| Stepping ~*~*~tactically~*~*~ (hiding).
 38185 | Vaults:1 | 38185 ||| Stepping ~*~*~tactically~*~*~ (hiding).
 38186 | Vaults:1 | 38186 ||| Stepping ~*~*~tactically~*~*~ (hiding).
 38193 | Vaults:1 | 38193 ||| Stepping ~*~*~tactically~*~*~ (hiding).
 38194 | Vaults:1 | 38194 ||| Stepping ~*~*~tactically~*~*~ (hiding).
 38202 | Vaults:1 | Reached skill level 12 in Dodging
 38324 | Vaults:1 | 38324 ||| INVOKING Trog's Hand.
 38489 | Vaults:1 | 38489 ||| Stepping ~*~*~tactically~*~*~ (hiding).
 38493 | Vaults:1 | 38493 ||| INVOKING Trog's Hand.
 38614 | Vaults:1 | Reached XP level 18. HP: 148/178 MP: 17/17
 38623 | Vaults:1 | Received a gift from Trog
 38671 | Vaults:1 | 38671 ||| DROPPING +7 war axe of flaming.
 38696 | Vaults:1 | 38696 ||| Stepping ~*~*~tactically~*~*~ (stealth).
 38745 | Vaults:1 | You are sucked into a shaft and drop 1 floor!
 38746 | Vaults:2 | 38746 ||| PLANNING DESOLATION
 38762 | Vaults:2 | 38762 ||| Stepping ~*~*~tactically~*~*~ (hiding).
 38767 | Vaults:2 | 38767 ||| Stepping ~*~*~tactically~*~*~ (hiding).
 38921 | Vaults:2 | 38921 ||| Stepping ~*~*~tactically~*~*~ (hiding).
 38922 | Vaults:2 | 38922 ||| Stepping ~*~*~tactically~*~*~ (hiding).
 38929 | Vaults:2 | 38929 ||| Stepping ~*~*~tactically~*~*~ (stealth).
 38932 | Vaults:2 | 38932 ||| Stepping ~*~*~tactically~*~*~ (hiding).
 38936 | Vaults:2 | 38936 ||| INVOKING Trog's Hand.
 38953 | Vaults:2 | Reached skill level 18 in Armour
 38958 | Vaults:2 | 38958 ||| INVOKING Berserk.
 38978 | Vaults:2 | Paralysed by a great orb of eyes for 4 turns
 38979 | Vaults:2 | HP: 59/270 [dire elephant (9)]
 38982 | Vaults:2 | HP: 21/270 [dire elephant (25)]
 38984 | Vaults:2 | 38984 ||| DRINKING 8 potions of curing.
 38984 | Vaults:2 | 38984 ||| (to cure confusion)
 38985 | Vaults:2 | 38985 ||| READING 2 scrolls of teleportation.
 38985 | Vaults:2 | HP: 7/180 [dire elephant (12)]
 38986 | Vaults:2 | 38986 ||| DRINKING 2 potions of heal wounds.
 38986 | Vaults:2 | Paralysed by a great orb of eyes for 5 turns
 38991 | Vaults:2 | 38991 ||| READING scroll of teleportation.
 38992 | Vaults:2 | 38992 ||| DRINKING potion of heal wounds.
 38993 | Vaults:2 | 38993 ||| INVOKING Brothers in Arms.
 38996 | Vaults:2 | HP: 42/180 [deep troll[an ironbound preserver] (11)]
 39000 | Vaults:2 | HP: 15/180 [deep troll[an ironbound preserver] (11)]
 39001 | Vaults:2 | HP: 5/180 [deep troll[an ironbound preserver] (13)]
 39173 | Vaults:2 | 39173 ||| INVOKING Trog's Hand.
 39192 | Vaults:2 | Found a crumbling gateway.
 39200 | Desolati | Entered the Desolation of Salt
 39352 | Desolati | 39352 ||| Stepping ~*~*~tactically~*~*~ (stealth).
 39361 | Desolati | 39361 ||| INVOKING Berserk.
 39364 | Desolati | Reached skill level 21 in Fighting
 39368 | Desolati | Reached skill level 18 in Shields
 39521 | Desolati | Identified the +5 scale mail "Gimom" {Will- rCorr Stlth+}
 39564 | Desolati | Received a gift from Trog
 39584 | Desolati | 39584 ||| DROPPING +5 antimagic war axe.
 39593 | Desolati | Identified the ring of Arghep Atat {Will+ EV+4}
 39661 | Desolati | 39661 ||| DRINKING 7 potions of curing.
 39661 | Desolati | 39661 ||| (to cure confusion)
 39663 | Desolati | 39663 ||| INVOKING Berserk.
 39758 | Desolati | 39758 ||| INVOKING Brothers in Arms.
 39762 | Desolati | 39762 ||| INVOKING Berserk.
 39906 | Desolati | Identified the ring of Ikamo {rC+ Str+3}
 39909 | Desolati | Identified the amulet "Joacludd" {Spirit rF+}
 39919 | Desolati | Identified the +0 pair of boots of Kleptomania {rElec rC+}
 39999 | Desolati | Identified the amulet "Arawn" {Acrobat Rampage rC+}
 40205 | Desolati | 40205 ||| DROPPING +3 plate armour of cold resistance.
 40206 | Desolati | 40206 ||| UPGRADING to +0 pair of boots of Kleptomania
                  | {rElec rC+}.
 40211 | Desolati | 40211 ||| DROPPING amulet "Arawn" {Acrobat Rampage rC+}.
 40212 | Desolati | 40212 ||| DROPPING ring of Ikamo {rC+ Str+3}.
 40244 | Vaults:2 | 40244 ||| PLANNING VAULTS:1-4
 40265 | Vaults:2 | Reached XP level 19. HP: 187/189 MP: 18/18
 40269 | Vaults:2 | Found a staircase to the Crypt.
 40366 | Vaults:2 | 40366 ||| Stepping ~*~*~tactically~*~*~ (hiding).
 40370 | Vaults:2 | 40370 ||| INVOKING Trog's Hand.
 40391 | Vaults:2 | 40391 ||| Stepping ~*~*~tactically~*~*~ (hiding).
 40564 | Vaults:2 | 40564 ||| Stepping ~*~*~tactically~*~*~ (hiding).
 40750 | Vaults:2 | 40750 ||| INVOKING Trog's Hand.
 40785 | Vaults:2 | 40785 ||| Stepping ~*~*~tactically~*~*~ (stealth).
 40788 | Vaults:2 | 40788 ||| Stepping ~*~*~tactically~*~*~ (stealth).
 40810 | Vaults:2 | 40810 ||| Stepping ~*~*~tactically~*~*~ (stealth).
 40814 | Vaults:2 | 40814 ||| Stepping ~*~*~tactically~*~*~ (stealth).
 40815 | Vaults:2 | 40815 ||| Stepping ~*~*~tactically~*~*~ (stealth).
 40816 | Vaults:2 | 40816 ||| Stepping ~*~*~tactically~*~*~ (stealth).
 40817 | Vaults:2 | 40817 ||| INVOKING Trog's Hand.
 40827 | Vaults:2 | 40827 ||| UPGRADING to ring of Arghep Atat {Will+ EV+4}.
 40829 | Vaults:2 | 40829 ||| UPGRADING to ring of the Trilobite {rElec Str+4
                  | Int+3 Dex+6}.
 40831 | Vaults:2 | 40831 ||| UPGRADING to +4 plate armour of cold resistance.
 40841 | Vaults:2 | 40841 ||| READING 4 scrolls of enchant armour.
 40841 | Vaults:2 | 40841 ||| ENCHANTING +4 plate armour of cold resistance.
 40842 | Vaults:2 | 40842 ||| DROPPING +2 chain mail of fire resistance.
 40843 | Vaults:2 | 40843 ||| READING 3 scrolls of enchant armour.
 40843 | Vaults:2 | 40843 ||| ENCHANTING +5 plate armour of cold resistance.
 40844 | Vaults:2 | 40844 ||| READING 2 scrolls of enchant armour.
 40844 | Vaults:2 | 40844 ||| ENCHANTING +6 plate armour of cold resistance.
 40845 | Vaults:2 | 40845 ||| READING scroll of enchant armour.
 40845 | Vaults:2 | 40845 ||| ENCHANTING +7 plate armour of cold resistance.
 40934 | Vaults:1 | 40934 ||| Stepping ~*~*~tactically~*~*~ (hiding).
 40955 | Vaults:1 | 40955 ||| Stepping ~*~*~tactically~*~*~ (hiding).
 40956 | Vaults:1 | 40956 ||| Stepping ~*~*~tactically~*~*~ (hiding).
 40959 | Vaults:1 | 40959 ||| INVOKING Trog's Hand.
 41353 | Vaults:1 | Identified the +2 pair of gloves "Uphyon" {Dex+3}
 41390 | Vaults:1 | 41390 ||| INVOKING Trog's Hand.
 41431 | Vaults:1 | 41431 ||| Stepping ~*~*~tactically~*~*~ (hiding).
 41432 | Vaults:1 | 41432 ||| Stepping ~*~*~tactically~*~*~ (hiding).
 41442 | Vaults:1 | 41442 ||| INVOKING Trog's Hand.
 41454 | Vaults:1 | Received a gift from Trog
 41506 | Vaults:1 | Reached skill level 22 in Fighting
 41509 | Vaults:1 | 41509 ||| Stepping ~*~*~tactically~*~*~ (hiding).
 41532 | Vaults:1 | 41532 ||| INVOKING Trog's Hand.
 41738 | Vaults:1 | 41738 ||| Stepping ~*~*~tactically~*~*~ (hiding).
 41742 | Vaults:1 | 41742 ||| INVOKING Trog's Hand.
 41801 | Vaults:1 | Found Viesmiaz's Jewellery Emporium.
 41808 | Vaults:1 | 41808 ||| BUYING amulet of Undoing {Reflect +Inv rElec SH+5
                  | SInv} (828 gold).
 41808 | Vaults:1 | Bought the amulet of Undoing {Reflect +Inv rElec SH+5 SInv}
                  | for 828 gold pieces
 41808 | Vaults:1 | 41808 ||| SHOPLISTING ring "Vamiwah" {Str+5 SInv} (487
                  | gold, have 226).
 41834 | Vaults:1 | 41834 ||| Stepping ~*~*~tactically~*~*~ (hiding).
 41835 | Vaults:1 | 41835 ||| Stepping ~*~*~tactically~*~*~ (hiding).
 42188 | Vaults:1 | 42188 ||| Stepping ~*~*~tactically~*~*~ (stealth).
 42225 | Vaults:1 | 42225 ||| DROPPING +2 pair of gloves "Uphyon" {Dex+3}.
 42226 | Vaults:1 | 42226 ||| DROPPING ring of flight.
 42227 | Vaults:1 | 42227 ||| DROPPING ring of fire.
 42261 | Vaults:1 | 42261 ||| INVOKING Trog's Hand.
 42314 | Vaults:2 | 42314 ||| FLEEEEING.
 42315 | Vaults:2 | 42315 ||| INVOKING Trog's Hand.
 42330 | Vaults:2 | 42330 ||| INVOKING Brothers in Arms.
 42334 | Vaults:2 | Reached skill level 15 in Dodging
 42341 | Vaults:2 | 42341 ||| INVOKING Trog's Hand.
 42384 | Vaults:2 | 42384 ||| Stepping ~*~*~tactically~*~*~ (stealth).
 42386 | Vaults:2 | 42386 ||| INVOKING Trog's Hand.
 42474 | Vaults:2 | 42474 ||| Stepping ~*~*~tactically~*~*~ (hiding).
 42489 | Vaults:2 | 42489 ||| INVOKING Trog's Hand.
 42649 | Vaults:2 | 42649 ||| Stepping ~*~*~tactically~*~*~ (hiding).
 42806 | Vaults:3 | 42806 ||| Stepping ~*~*~tactically~*~*~ (hiding).
 42810 | Vaults:3 | 42810 ||| Stepping ~*~*~tactically~*~*~ (hiding).
 42811 | Vaults:3 | 42811 ||| Stepping ~*~*~tactically~*~*~ (hiding).
 42812 | Vaults:3 | 42812 ||| Stepping ~*~*~tactically~*~*~ (hiding).
 42814 | Vaults:3 | 42814 ||| Stepping ~*~*~tactically~*~*~ (stealth).
 42848 | Vaults:3 | 42848 ||| INVOKING Brothers in Arms.
 42850 | Vaults:3 | 42850 ||| INVOKING Berserk.
 43096 | Vaults:3 | 43096 ||| INVOKING Trog's Hand.
 43122 | Vaults:3 | 43122 ||| INVOKING Berserk.
 43153 | Vaults:3 | 43153 ||| Stepping ~*~*~tactically~*~*~ (stealth).
 43157 | Vaults:3 | 43157 ||| Stepping ~*~*~tactically~*~*~ (stealth).
 43189 | Vaults:3 | 43189 ||| INVOKING Trog's Hand.
 43239 | Vaults:3 | 43239 ||| Stepping ~*~*~tactically~*~*~ (hiding).
 43314 | Vaults:3 | Found the +9 heavy crossbow "Sniper" {vorpal, Acc+∞ SInv}
 43315 | Vaults:3 | 43315 ||| Stepping ~*~*~tactically~*~*~ (hiding).
 43319 | Vaults:3 | 43319 ||| INVOKING Trog's Hand.
 43466 | Vaults:3 | 43466 ||| Stepping ~*~*~tactically~*~*~ (hiding).
 43514 | Vaults:3 | Reached skill level 21 in Armour
 43524 | Vaults:3 | Reached XP level 20. HP: 163/200 MP: 19/19
 43807 | Vaults:3 | Found a portal to a secret trove of treasure.
 43814 | Vaults:3 | 43814 ||| INVOKING Trog's Hand.
 44004 | Vaults:3 | 44004 ||| Stepping ~*~*~tactically~*~*~ (hiding).
 44005 | Vaults:3 | 44005 ||| Stepping ~*~*~tactically~*~*~ (hiding).
 44099 | Vaults:4 | 44099 ||| PLANNING WIZLAB
 44112 | Vaults:4 | Noticed Zenata
 44113 | Vaults:4 | 44113 ||| INVOKING Brothers in Arms.
 44116 | Vaults:4 | 44116 ||| INVOKING Berserk.
 44125 | Vaults:4 | Killed Zenata
 44282 | Vaults:4 | 44282 ||| Stepping ~*~*~tactically~*~*~ (stealth).
 44369 | Vaults:4 | 44369 ||| INVOKING Trog's Hand.
 44436 | Vaults:4 | Found Ewkaytru's Antique Armour Boutique.
 44476 | Vaults:4 | 44476 ||| Stepping ~*~*~tactically~*~*~ (hiding).
 44480 | Vaults:4 | 44480 ||| Stepping ~*~*~tactically~*~*~ (hiding).
 44483 | Vaults:4 | 44483 ||| INVOKING Trog's Hand.
 44523 | Vaults:4 | 44523 ||| Stepping ~*~*~tactically~*~*~ (hiding).
 44530 | Vaults:4 | 44530 ||| Stepping ~*~*~tactically~*~*~ (hiding).
 44531 | Vaults:4 | 44531 ||| Stepping ~*~*~tactically~*~*~ (hiding).
 44631 | Vaults:4 | 44631 ||| Stepping ~*~*~tactically~*~*~ (hiding).
 44633 | Vaults:4 | 44633 ||| Stepping ~*~*~tactically~*~*~ (hiding).
 44801 | Vaults:4 | 44801 ||| RIP WIZLAB
 44806 | Vaults:4 | Noticed Bai Suzhen
 44807 | Vaults:4 | 44807 ||| PLANNING VAULTS:1-4
 44813 | Vaults:4 | 44813 ||| FLEEEEING.
 44814 | Vaults:4 | 44814 ||| FLEEEEING.
 44815 | Vaults:4 | 44815 ||| FLEEEEING.
 44817 | Vaults:4 | 44817 ||| FLEEEEING.
 44818 | Vaults:4 | 44818 ||| FLEEEEING.
 44819 | Vaults:4 | 44819 ||| FLEEEEING.
 44820 | Vaults:4 | 44820 ||| FLEEEEING.
 44821 | Vaults:4 | 44821 ||| FLEEEEING.
 44833 | Vaults:4 | Killed Bai Suzhen
 44871 | Vaults:4 | 44871 ||| Stepping ~*~*~tactically~*~*~ (stealth).
 44925 | Vaults:4 | 44925 ||| Stepping ~*~*~tactically~*~*~ (stealth).
 44927 | Vaults:4 | 44927 ||| INVOKING Brothers in Arms.
 45059 | Vaults:4 | Reached skill level 23 in Fighting
 45202 | Vaults:4 | 45202 ||| Stepping ~*~*~tactically~*~*~ (hiding).
 45362 | Vaults:4 | 45362 ||| Stepping ~*~*~tactically~*~*~ (hiding).
 45365 | Vaults:4 | 45365 ||| INVOKING Trog's Hand.
 45379 | Vaults:4 | 45379 ||| INVOKING Trog's Hand.
 45389 | Vaults:4 | 45389 ||| Stepping ~*~*~tactically~*~*~ (hiding).
 45404 | Vaults:4 | 45404 ||| Stepping ~*~*~tactically~*~*~ (hiding).
 45405 | Vaults:4 | 45405 ||| Stepping ~*~*~tactically~*~*~ (hiding).
 45410 | Vaults:4 | 45410 ||| Stepping ~*~*~tactically~*~*~ (hiding).
 45864 | Vaults:4 | 45864 ||| INVOKING Trog's Hand.
 45935 | Vaults:4 | 45935 ||| Stepping ~*~*~tactically~*~*~ (hiding).
 45939 | Vaults:4 | 45939 ||| INVOKING Trog's Hand.
 45945 | Vaults:4 | 45945 ||| Stepping ~*~*~tactically~*~*~ (hiding).
 45962 | Vaults:4 | 45962 ||| FLEEEEING.
 45965 | Vaults:4 | 45965 ||| FLEEEEING.
 45966 | Vaults:4 | 45966 ||| FLEEEEING.
 45967 | Vaults:4 | 45967 ||| FLEEEEING.
 45968 | Vaults:4 | 45968 ||| FLEEEEING.
 46005 | Vaults:4 | 46005 ||| Stepping ~*~*~tactically~*~*~ (stealth).
 46010 | Vaults:4 | 46010 ||| Stepping ~*~*~tactically~*~*~ (hiding).
 46133 | Vaults:4 | Identified the +1 ring mail of Dithmenos's Hope {rElec
                  | Stlth+}
 46141 | Vaults:4 | 46141 ||| PLANNING SHOALS:4
 46491 | Shoals:4 | Entered Level 4 of the Shoals
 46547 | Shoals:4 | 46547 ||| Stepping ~*~*~tactically~*~*~ (hiding).
 46684 | Shoals:4 | 46684 ||| INVOKING Trog's Hand.
 46705 | Shoals:4 | Identified the +11 hand axe "Douv" {freeze, Contam Fragile
                  | rCorr Dex+5}
 46748 | Shoals:4 | Found the +3 hat of Pondering {ponderous, Will+ MP+10
                  | Int+5}
 46851 | Shoals:4 | Identified the +7 falchion of the Known World {freeze,
                  | rElec SInv Stlth-}
 46964 | Shoals:4 | 46964 ||| Stepping ~*~*~tactically~*~*~ (stealth).
 46966 | Shoals:4 | 46966 ||| Stepping ~*~*~tactically~*~*~ (stealth).
 47030 | Shoals:4 | 47030 ||| INVOKING Trog's Hand.
 47141 | Shoals:4 | 47141 ||| Stepping ~*~*~tactically~*~*~ (stealth).
 47167 | Shoals:4 | Identified the +1 robe of Impermeability {rPois Str-5 Int+3
                  | SInv}
 47325 | Shoals:4 | 47325 ||| INVOKING Brothers in Arms.
 47327 | Shoals:4 | 47327 ||| INVOKING Berserk.
 47342 | Shoals:4 | Identified the +7 broad axe of Victory {vorpal, Stlth+}
                  | (Trog gifted it to you on level 4 of the Shoals)
 47342 | Shoals:4 | Received a gift from Trog
 47387 | Shoals:4 | 47387 ||| Stepping ~*~*~tactically~*~*~ (stealth).
 47391 | Shoals:4 | Got a barnacled rune of Zot
 47394 | Shoals:4 | 47394 ||| SWAPPING to +7 broad axe of Victory {vorpal,
                  | Stlth+}.
 47395 | Shoals:4 | 47395 ||| DROPPING +0 broad axe.
 47429 | Shoals:4 | 47429 ||| Stepping ~*~*~tactically~*~*~ (hiding).
 47436 | Shoals:4 | 47436 ||| UPGRADING to amulet "Fuel" {Spirit rPois Dex+5
                  | SInv}.
 47648 | Shoals:4 | 47648 ||| PLANNING DEPTHS
 47648 | Shoals:4 | 47648 ||| UPGRADING to amulet "Fuel" {Spirit rPois Dex+5
                  | SInv}.
 47658 | Shoals:4 | 47658 ||| DROPPING +4 ring of evasion.
 47659 | Shoals:4 | 47659 ||| DROPPING 4 boomerangs.
 47660 | Shoals:4 | 47660 ||| READING 4 scrolls of teleportation.
 47893 | Depths:1 | Entered Level 1 of the Depths
 47936 | Depths:1 | Noticed Sojobo
 47937 | Depths:1 | 47937 ||| INVOKING Brothers in Arms.
 47941 | Depths:1 | 47941 ||| INVOKING Berserk.
 47961 | Depths:1 | 47961 ||| INVOKING Brothers in Arms.
 47962 | Depths:1 | 47962 ||| INVOKING Brothers in Arms.
 47963 | Depths:1 | Killed Sojobo
 47976 | Depths:1 | Reached skill level 12 in Throwing
 47979 | Depths:1 | Reached XP level 21. HP: 173/192 MP: 20/20
 48041 | Depths:1 | Found a gateway to Hell.
 48102 | Depths:1 | 48102 ||| Stepping ~*~*~tactically~*~*~ (hiding).
 48119 | Depths:1 | 48119 ||| INVOKING Trog's Hand.
 48120 | Depths:1 | 48120 ||| INVOKING Brothers in Arms.
 48121 | Depths:1 | 48121 ||| INVOKING Brothers in Arms.
 48122 | Depths:1 | 48122 ||| INVOKING Berserk.
 48315 | Depths:1 | 48315 ||| Stepping ~*~*~tactically~*~*~ (hiding).
 48317 | Depths:1 | 48317 ||| Stepping ~*~*~tactically~*~*~ (stealth).
 48372 | Depths:1 | 48372 ||| Stepping ~*~*~tactically~*~*~ (hiding).
 48373 | Depths:1 | 48373 ||| Stepping ~*~*~tactically~*~*~ (hiding).
 48374 | Depths:1 | 48374 ||| Stepping ~*~*~tactically~*~*~ (hiding).
 48392 | Depths:1 | 48392 ||| Stepping ~*~*~tactically~*~*~ (hiding).
 48393 | Depths:1 | 48393 ||| Stepping ~*~*~tactically~*~*~ (hiding).
 48395 | Depths:1 | 48395 ||| Stepping ~*~*~tactically~*~*~ (hiding).
 48755 | Depths:1 | 48755 ||| Stepping ~*~*~tactically~*~*~ (hiding).
 48759 | Depths:1 | 48759 ||| INVOKING Berserk.
 48913 | Depths:1 | Found the +9 staff of Wucad Mu {*channel}
 48923 | Depths:1 | Identified the +5 flail of Baeduduj {chaos, rF++}
 49082 | Depths:2 | Gained mutation: You are occasionally teleported next to
                  | monsters. [a neqoxec]
 49095 | Depths:2 | 49095 ||| INVOKING Brothers in Arms.
 49096 | Depths:2 | 49096 ||| INVOKING Berserk.
 49207 | Depths:2 | 49207 ||| DRINKING 3 potions of mutation.
 49207 | Depths:2 | Lost mutation: You are occasionally teleported next to
                  | monsters. [potion of mutation]
 49207 | Depths:2 | Gained mutation: Your muscles are strong. (Str +4, Int/Dex
                  | -1) [potion of mutation]
 49207 | Depths:2 | Gained mutation: You are agile. (Dex +4, Str/Int -1)
                  | [potion of mutation]
 49244 | Depths:2 | 49244 ||| Stepping ~*~*~tactically~*~*~ (hiding).
 49359 | Depths:2 | 49359 ||| INVOKING Berserk.
 49510 | Depths:2 | Found a one-way gate to the infinite horrors of the Abyss.
 49537 | Depths:2 | 49537 ||| Stepping ~*~*~tactically~*~*~ (hiding).
 49538 | Depths:2 | 49538 ||| Stepping ~*~*~tactically~*~*~ (hiding).
 49556 | Depths:2 | Reached skill level 18 in Dodging
 49628 | Depths:2 | 49628 ||| Stepping ~*~*~tactically~*~*~ (stealth).
 49629 | Depths:2 | 49629 ||| Stepping ~*~*~tactically~*~*~ (stealth).
 49630 | Depths:2 | 49630 ||| INVOKING Brothers in Arms.
 49632 | Depths:2 | 49632 ||| INVOKING Berserk.
 49651 | Depths:2 | 49651 ||| INVOKING Brothers in Arms.
 49793 | Depths:2 | 49793 ||| Stepping ~*~*~tactically~*~*~ (hiding).
 49839 | Depths:2 | 49839 ||| INVOKING Trog's Hand.
 49846 | Depths:2 | 49846 ||| INVOKING Berserk.
 50151 | Depths:2 | 50151 ||| INVOKING Brothers in Arms.
 50152 | Depths:2 | 50152 ||| INVOKING Brothers in Arms.
 50153 | Depths:2 | 50153 ||| INVOKING Berserk.
 50499 | Depths:2 | 50499 ||| READING 5 scrolls of teleportation.
 50501 | Depths:2 | 50501 ||| INVOKING Berserk.
 50644 | Depths:2 | Found a one-way gate leading to the halls of Pandemonium.
 50690 | Depths:2 | 50690 ||| Stepping ~*~*~tactically~*~*~ (stealth).
 50726 | Depths:2 | 50726 ||| Stepping ~*~*~tactically~*~*~ (stealth).
 50728 | Depths:2 | 50728 ||| Stepping ~*~*~tactically~*~*~ (hiding).
 50731 | Depths:2 | 50731 ||| INVOKING Trog's Hand.
 50752 | Depths:2 | 50752 ||| INVOKING Berserk.
 50791 | Depths:2 | 50791 ||| FLEEEEING.
 50792 | Depths:2 | 50792 ||| FLEEEEING.
 50793 | Depths:2 | 50793 ||| FLEEEEING.
 50794 | Depths:2 | 50794 ||| FLEEEEING.
 50795 | Depths:2 | 50795 ||| FLEEEEING.
 50796 | Depths:2 | 50796 ||| FLEEEEING.
 50797 | Depths:2 | 50797 ||| FLEEEEING.
 50798 | Depths:2 | 50798 ||| INVOKING Berserk.
 51005 | Depths:3 | 51005 ||| INVOKING Berserk.
 51228 | Depths:3 | Noticed a juggernaut
 51233 | Depths:3 | 51233 ||| INVOKING Berserk.
 51240 | Depths:3 | Killed a juggernaut
 51275 | Depths:3 | Noticed a juggernaut
 51290 | Depths:3 | Killed a juggernaut
 51380 | Depths:3 | 51380 ||| INVOKING Brothers in Arms.
 51381 | Depths:3 | 51381 ||| INVOKING Brothers in Arms.
 51384 | Depths:3 | 51384 ||| INVOKING Berserk.
 51394 | Depths:3 | Reached skill level 24 in Fighting
 51542 | Depths:3 | 51542 ||| Stepping ~*~*~tactically~*~*~ (stealth).
 51543 | Depths:3 | 51543 ||| Stepping ~*~*~tactically~*~*~ (stealth).
 51608 | Depths:3 | 51608 ||| INVOKING Berserk.
 51625 | Depths:3 | 51625 ||| INVOKING Trog's Hand.
 51637 | Depths:3 | 51637 ||| INVOKING Trog's Hand.
 51688 | Depths:3 | Noticed Vv
 51689 | Depths:3 | 51689 ||| DRINKING 2 potions of resistance.
 51692 | Depths:3 | 51692 ||| Stepping ~*~*~tactically~*~*~ (hiding).
 51694 | Depths:3 | 51694 ||| INVOKING Berserk.
 51709 | Depths:3 | Killed Vv
 51714 | Depths:3 | 51714 ||| Stepping ~*~*~tactically~*~*~ (stealth).
 51721 | Depths:3 | 51721 ||| Stepping ~*~*~tactically~*~*~ (stealth).
 51735 | Depths:3 | Reached XP level 22. HP: 213/222 MP: 21/21
 51896 | Depths:3 | Noticed Louise
 51897 | Depths:3 | 51897 ||| Stepping ~*~*~tactically~*~*~ (hiding).
 51900 | Depths:3 | 51900 ||| Stepping ~*~*~tactically~*~*~ (hiding).
 51901 | Depths:3 | 51901 ||| Stepping ~*~*~tactically~*~*~ (hiding).
 51902 | Depths:3 | 51902 ||| Stepping ~*~*~tactically~*~*~ (hiding).
 51903 | Depths:3 | 51903 ||| INVOKING Trog's Hand.
 51910 | Depths:3 | Killed Louise
 51987 | Depths:3 | Noticed Mara
 51989 | Depths:3 | 51989 ||| INVOKING Berserk.
 51998 | Depths:3 | Noticed qw's illusion
 52000 | Depths:3 | Killed Mara
 52528 | Depths:4 | Entered Level 4 of the Depths
 52531 | Depths:4 | Noticed a caustic shrike
 52532 | Depths:4 | Noticed a caustic shrike
 52533 | Depths:4 | Noticed a caustic shrike
 52535 | Depths:4 | 52535 ||| INVOKING Berserk.
 52536 | Depths:4 | Killed a caustic shrike
 52540 | Depths:4 | Killed a caustic shrike
 52544 | Depths:4 | Killed a caustic shrike
 52571 | Depths:4 | 52571 ||| FLEEEEING.
 52572 | Depths:4 | 52572 ||| FLEEEEING.
 52573 | Depths:4 | 52573 ||| STAIRDANCE
 52678 | Depths:4 | 52678 ||| Stepping ~*~*~tactically~*~*~ (stealth).
 52791 | Depths:4 | 52791 ||| Stepping ~*~*~tactically~*~*~ (hiding).
 52793 | Depths:4 | 52793 ||| INVOKING Berserk.
 52868 | Depths:4 | 52868 ||| Stepping ~*~*~tactically~*~*~ (stealth).
 52873 | Depths:4 | 52873 ||| Stepping ~*~*~tactically~*~*~ (hiding).
 52877 | Depths:4 | 52877 ||| INVOKING Berserk.
 52948 | Depths:4 | 52948 ||| Stepping ~*~*~tactically~*~*~ (hiding).
 52956 | Depths:4 | 52956 ||| INVOKING Berserk.
 52963 | Depths:4 | Found a gate to the Realm of Zot.
 53062 | Depths:4 | 53062 ||| Stepping ~*~*~tactically~*~*~ (stealth).
 53063 | Depths:4 | 53063 ||| Stepping ~*~*~tactically~*~*~ (hiding).
 53065 | Depths:4 | 53065 ||| Stepping ~*~*~tactically~*~*~ (stealth).
 53077 | Depths:4 | 53077 ||| INVOKING Berserk.
 53191 | Depths:4 | 53191 ||| SWAPPING to +1 vampiric broad axe.
 53192 | Depths:4 | 53192 ||| DROPPING +6 broad axe "Irksome Ogreslayer"
                  | {flame, rPois rF- rN+, mikee}.
 53193 | Depths:4 | 53193 ||| DROPPING +7 broad axe of Victory {vorpal,
                  | Stlth+}.
 53194 | Depths:4 | 53194 ||| READING scroll of enchant weapon.
 53194 | Depths:4 | 53194 ||| ENCHANTING +1 vampiric broad axe.
 53213 | Depths:4 | 53213 ||| INVOKING Berserk.
 53346 | Depths:4 | Found a one-way gateway to a ziggurat.
 53346 | Depths:4 | Noticed an ancient lich
 53347 | Depths:4 | 53347 ||| INVOKING Trog's Hand.
 53348 | Depths:4 | 53348 ||| ZAPPING wand of digging (8).
 53351 | Depths:4 | 53351 ||| INVOKING Berserk.
 53358 | Depths:4 | Killed an ancient lich
 53529 | Depths:4 | Noticed a juggernaut
 53533 | Depths:4 | 53533 ||| INVOKING Berserk.
 53546 | Depths:4 | Killed a juggernaut
 53699 | Depths:4 | 53699 ||| Stepping ~*~*~tactically~*~*~ (stealth).
 53702 | Depths:4 | 53702 ||| Stepping ~*~*~tactically~*~*~ (stealth).
 53762 | Depths:4 | 53762 ||| Stepping ~*~*~tactically~*~*~ (hiding).
 53766 | Depths:4 | 53766 ||| INVOKING Berserk.
 53975 | Depths:4 | Noticed Jory
 53993 | Depths:4 | Killed Jory
 54054 | Depths:4 | 54054 ||| READING scroll of enchant weapon.
 54054 | Depths:4 | 54054 ||| ENCHANTING +2 vampiric broad axe.
 54219 | Depths:4 | Noticed a caustic shrike
 54219 | Depths:4 | Noticed a caustic shrike
 54219 | Depths:4 | Noticed a caustic shrike
 54220 | Depths:4 | 54220 ||| INVOKING Berserk.
 54230 | Depths:4 | Killed a caustic shrike
 54231 | Depths:4 | Reached skill level 25 in Fighting
 54235 | Depths:4 | Killed a caustic shrike
 54241 | Depths:4 | Killed a caustic shrike
 54403 | Depths:4 | 54403 ||| Stepping ~*~*~tactically~*~*~ (stealth).
 54408 | Depths:4 | 54408 ||| Stepping ~*~*~tactically~*~*~ (stealth).
 54442 | Depths:4 | 54442 ||| INVOKING Berserk.
 54821 | Depths:4 | 54821 ||| Stepping ~*~*~tactically~*~*~ (hiding).
 54931 | Depths:4 | 54931 ||| PLANNING VAULTS:5
 54931 | Depths:4 | 54931 ||| UPGRADING to +0 tower shield.
 54941 | Depths:4 | 54941 ||| DROPPING +0 kite shield.
 55288 | Vaults:5 | Entered Level 5 of the Vaults
 55290 | Vaults:5 | 55290 ||| STAIRDANCE
 55310 | Vaults:5 | 55310 ||| STAIRDANCE
 55310 | Vaults:5 | Noticed a golden dragon
 55348 | Vaults:5 | 55348 ||| STAIRDANCE
 55378 | Vaults:5 | 55378 ||| INVOKING Berserk.
 55390 | Vaults:5 | Killed a golden dragon
 55402 | Vaults:5 | Noticed a golden dragon
 55408 | Vaults:5 | 55408 ||| INVOKING Trog's Hand.
 55422 | Vaults:5 | Killed a golden dragon
 55424 | Vaults:5 | 55424 ||| INVOKING Brothers in Arms.
 55429 | Vaults:5 | Reached XP level 23. HP: 234/234 MP: 10/22
 55438 | Vaults:5 | 55438 ||| STAIRDANCE
 55443 | Vaults:4 | Reached skill level 21 in Shields
 55511 | Vaults:5 | Identified the +3 dagger of the Omega Point {vorpal, rElec
                  | rC+ Will+}
 55511 | Vaults:5 | Identified the ring "Faklooleu" {rPois Slay+6}
 55512 | Vaults:5 | 55512 ||| INVOKING Trog's Hand.
 55522 | Vaults:5 | 55522 ||| Stepping ~*~*~tactically~*~*~ (stealth).
 55524 | Vaults:5 | 55524 ||| Stepping ~*~*~tactically~*~*~ (hiding).
 55529 | Vaults:5 | 55529 ||| INVOKING Berserk.
 55538 | Vaults:5 | 55538 ||| INVOKING Trog's Hand.
 55549 | Vaults:5 | 55549 ||| INVOKING Trog's Hand.
 55562 | Vaults:5 | 55562 ||| INVOKING Brothers in Arms.
 55563 | Vaults:5 | HP: 58/234 [tengu reaver/+0 glaive of pain (1)]
 55564 | Vaults:5 | 55564 ||| READING 5 scrolls of teleportation.
 55565 | Vaults:5 | 55565 ||| DRINKING 4 potions of heal wounds.
 55631 | Vaults:5 | Identified the amulet of Vuir {Acrobat rPois rF+}
 55632 | Vaults:5 | 55632 ||| Stepping ~*~*~tactically~*~*~ (stealth).
 55670 | Vaults:5 | 55670 ||| Stepping ~*~*~tactically~*~*~ (stealth).
 55686 | Vaults:5 | 55686 ||| Stepping ~*~*~tactically~*~*~ (stealth).
 55688 | Vaults:5 | 55688 ||| Stepping ~*~*~tactically~*~*~ (stealth).
 55689 | Vaults:5 | 55689 ||| Stepping ~*~*~tactically~*~*~ (stealth).
 55691 | Vaults:5 | 55691 ||| Stepping ~*~*~tactically~*~*~ (hiding).
 55693 | Vaults:5 | 55693 ||| INVOKING Berserk.
 55758 | Vaults:5 | 55758 ||| INVOKING Berserk.
 55763 | Vaults:5 | Identified the +8 spear of Due Proportion {antimagic,
                  | rCorr}
 55771 | Vaults:5 | 55771 ||| Stepping ~*~*~tactically~*~*~ (hiding).
 55784 | Vaults:5 | 55784 ||| Stepping ~*~*~tactically~*~*~ (hiding).
 55826 | Vaults:5 | 55826 ||| INVOKING Trog's Hand.
 55844 | Vaults:5 | 55844 ||| INVOKING Berserk.
 55862 | Vaults:5 | 55862 ||| INVOKING Trog's Hand.
 55903 | Vaults:5 | 55903 ||| Stepping ~*~*~tactically~*~*~ (hiding).
 55904 | Vaults:5 | 55904 ||| Stepping ~*~*~tactically~*~*~ (hiding).
 55914 | Vaults:5 | 55914 ||| INVOKING Trog's Hand.
 55954 | Vaults:5 | 55954 ||| INVOKING Berserk.
 55966 | Vaults:5 | 55966 ||| Stepping ~*~*~tactically~*~*~ (hiding).
 55980 | Vaults:5 | 55980 ||| Stepping ~*~*~tactically~*~*~ (hiding).
 55981 | Vaults:5 | 55981 ||| Stepping ~*~*~tactically~*~*~ (hiding).
 55982 | Vaults:5 | 55982 ||| Stepping ~*~*~tactically~*~*~ (hiding).
 55994 | Vaults:5 | 55994 ||| STAIRDANCE
 56156 | Vaults:5 | 56156 ||| Stepping ~*~*~tactically~*~*~ (stealth).
 56178 | Vaults:5 | 56178 ||| INVOKING Berserk.
 56211 | Vaults:5 | 56211 ||| Stepping ~*~*~tactically~*~*~ (stealth).
 56215 | Vaults:5 | 56215 ||| Stepping ~*~*~tactically~*~*~ (stealth).
 56252 | Vaults:5 | 56252 ||| Stepping ~*~*~tactically~*~*~ (stealth).
 56288 | Vaults:5 | 56288 ||| FLEEEEING.
 56297 | Vaults:5 | 56297 ||| INVOKING Brothers in Arms.
 56298 | Vaults:5 | 56298 ||| INVOKING Berserk.
 56319 | Vaults:5 | 56319 ||| INVOKING Trog's Hand.
 56329 | Vaults:5 | 56329 ||| INVOKING Brothers in Arms.
 56346 | Vaults:5 | 56346 ||| Stepping ~*~*~tactically~*~*~ (hiding).
 56479 | Vaults:5 | Got a silver rune of Zot
 57043 | Vaults:5 | 57043 ||| PLANNING SHOPPING SPREE
 57043 | Vaults:5 | 57043 ||| DROPPING +2 pair of gloves.
 57234 | Vaults:1 | 57234 ||| BUYING ring "Vamiwah" {Str+5 SInv} (487 gold).
 57234 | Vaults:1 | Bought the ring "Vamiwah" {Str+5 SInv} for 487 gold pieces
 57398 | Orc:2    | 57398 ||| BUYING +2 cloak of the Thief {*Fog Slay-2 SInv
                  | Stlth+} (502 gold).
 57398 | Orc:2    | Bought the +2 cloak of the Thief {*Fog Slay-2 SInv Stlth+}
                  | for 502 gold pieces
 57398 | Orc:2    | Found the +2 cloak of the Thief {*Fog Slay-2 SInv Stlth+}
 57420 | Orc:2    | 57420 ||| BUYING ring "Weulidgha" {Contam rC+ Will+ Str+6
                  | Int+2 Dex+4} (743 gold).
 57420 | Orc:2    | Bought the ring "Weulidgha" {Contam rC+ Will+ Str+6 Int+2
                  | Dex+4} for 743 gold pieces
 57420 | Orc:2    | 57420 ||| BUYING ring of Agrodwy {rF- Str+7 Dex+6} (659
                  | gold).
 57420 | Orc:2    | Bought the ring of Agrodwy {rF- Str+7 Dex+6} for 659 gold
                  | pieces
 57420 | Orc:2    | 57420 ||| UPGRADING to ring "Weulidgha" {Contam rC+ Will+
                  | Str+6 Int+2 Dex+4}.
 57422 | Orc:2    | 57422 ||| DROPPING ring of Arghep Atat {Will+ EV+4}.
 57581 | D:7      | 57581 ||| PLANNING ZOT:1-4
 57844 | Zot:1    | Entered Level 1 of the Realm of Zot
 57879 | Zot:1    | You fall into a shaft and drop 1 floor!
 57884 | Zot:2    | 57884 ||| INVOKING Berserk.
 58190 | Zot:2    | 58190 ||| Stepping ~*~*~tactically~*~*~ (hiding).
 58197 | Zot:2    | 58197 ||| INVOKING Berserk.
 58353 | Zot:2    | 58353 ||| INVOKING Berserk.
 58405 | Zot:2    | 58405 ||| Stepping ~*~*~tactically~*~*~ (stealth).
 58425 | Zot:2    | 58425 ||| INVOKING Berserk.
 58488 | Zot:2    | 58488 ||| Stepping ~*~*~tactically~*~*~ (stealth).
 58490 | Zot:2    | 58490 ||| INVOKING Berserk.
 58620 | Zot:2    | Noticed a Killer Klown
 58621 | Zot:2    | 58621 ||| INVOKING Berserk.
 58625 | Zot:2    | Killed a Killer Klown
 58626 | Zot:2    | Reached skill level 21 in Dodging
 58682 | Zot:2    | Noticed a curse toe
 58693 | Zot:2    | 58693 ||| INVOKING Berserk.
 58698 | Zot:2    | Killed a curse toe
 58849 | Zot:2    | 58849 ||| Stepping ~*~*~tactically~*~*~ (stealth).
 58852 | Zot:2    | 58852 ||| INVOKING Berserk.
 58882 | Zot:2    | 58882 ||| Stepping ~*~*~tactically~*~*~ (stealth).
 58883 | Zot:2    | 58883 ||| Stepping ~*~*~tactically~*~*~ (stealth).
 58984 | Zot:2    | 58984 ||| Stepping ~*~*~tactically~*~*~ (stealth).
 58987 | Zot:2    | 58987 ||| Stepping ~*~*~tactically~*~*~ (hiding).
 58989 | Zot:2    | 58989 ||| Stepping ~*~*~tactically~*~*~ (hiding).
 59007 | Zot:2    | 59007 ||| Stepping ~*~*~tactically~*~*~ (hiding).
 59286 | Zot:2    | 59286 ||| UPGRADING to +2 plate armour of fire resistance.
 59566 | Zot:1    | 59566 ||| READING 8 scrolls of teleportation.
 59634 | Zot:1    | Noticed a Killer Klown
 59635 | Zot:1    | 59635 ||| Stepping ~*~*~tactically~*~*~ (hiding).
 59637 | Zot:1    | 59637 ||| Stepping ~*~*~tactically~*~*~ (hiding).
 59641 | Zot:1    | 59641 ||| INVOKING Berserk.
 59670 | Zot:1    | Killed a Killer Klown
 59672 | Zot:1    | Noticed a Killer Klown
 59701 | Zot:1    | Killed a Killer Klown
 59730 | Zot:1    | 59730 ||| Stepping ~*~*~tactically~*~*~ (stealth).
 59731 | Zot:1    | 59731 ||| Stepping ~*~*~tactically~*~*~ (stealth).
 60038 | Zot:1    | 60038 ||| DROPPING +4 ring of protection.
 60074 | Zot:2    | Gained mutation: You sometimes lose your temper in combat.
                  | [mutagenic glow]
 60075 | Zot:2    | 60075 ||| DRINKING 4 potions of mutation.
 60075 | Zot:2    | Lost mutation: Your muscles are strong. (Str +4, Int/Dex
                  | -1) [potion of mutation]
 60075 | Zot:2    | Lost mutation: You are agile. (Dex +4, Str/Int -1) [potion
                  | of mutation]
 60075 | Zot:2    | Lost mutation: You sometimes lose your temper in combat.
                  | [potion of mutation]
 60075 | Zot:2    | Gained mutation: Your spells are a little harder to cast,
                  | but a little more powerful. [potion of mutation]
 60075 | Zot:2    | Gained mutation: Your flesh is heat resistant. (rF+)
                  | [potion of mutation]
 60075 | Zot:2    | Gained mutation: You have hidden genetic potential. [potion
                  | of mutation]
 60086 | Zot:2    | Gained mutation: Armour fits poorly on your strangely
                  | shaped body. [mutagenic glow]
 60221 | Zot:2    | 60221 ||| DRINKING 3 potions of mutation.
 60221 | Zot:2    | Lost mutation: You have hidden genetic potential. [potion
                  | of mutation]
 60221 | Zot:2    | Lost mutation: Your flesh is heat resistant. (rF+) [potion
                  | of mutation]
 60221 | Zot:2    | Lost mutation: Armour fits poorly on your strangely shaped
                  | body. [potion of mutation]
 60221 | Zot:2    | Gained mutation: Your flesh is cold resistant. (rC+)
                  | [potion of mutation]
 60221 | Zot:2    | Gained mutation: You have a pair of large horns on your
                  | head. [potion of mutation]
 60335 | Zot:2    | 60335 ||| DROPPING +3 hat of Pondering {ponderous, Will+
                  | MP+10 Int+5}.
 60336 | Zot:2    | 60336 ||| DROPPING +0 hat of Valiance {Dex+3}.
 60337 | Zot:2    | 60337 ||| UPGRADING to ring of the Octopus King {rC+ HP+2
                  | AC+2 EV+2 SH+2}.
 60340 | Zot:2    | 60340 ||| UPGRADING to ring "Faklooleu" {rPois Slay+6}.
 60342 | Zot:2    | 60342 ||| UPGRADING to amulet of Fiuveasch {Fly Regen+
                  | Slay+3}.
 60352 | Zot:2    | 60352 ||| UPGRADING to +2 cloak of the Thief {*Fog Slay-2
                  | SInv Stlth+}.
 60417 | Zot:3    | 60417 ||| INVOKING Berserk.
 60560 | Zot:3    | Identified the +8 long sword "Varanga" {vorpal, Fly Will+++
                  | MP-9 Str+4}
 60568 | Zot:3    | 60568 ||| Stepping ~*~*~tactically~*~*~ (hiding).
 60575 | Zot:3    | 60575 ||| INVOKING Berserk.
 60773 | Zot:3    | 60773 ||| INVOKING Berserk.
 60934 | Zot:3    | 60934 ||| INVOKING Berserk.
 60942 | Zot:3    | Reached XP level 24. HP: 243/243 MP: 22/22
 61126 | Zot:3    | 61126 ||| INVOKING Berserk.
 61933 | Zot:4    | 61933 ||| INVOKING Berserk.
 61938 | Zot:4    | Reached skill level 26 in Fighting
 61951 | Zot:4    | 61951 ||| READING 8 scrolls of teleportation.
 61958 | Zot:4    | 61958 ||| READING 7 scrolls of teleportation.
 61968 | Zot:4    | 61968 ||| STAIRDANCE
 62038 | Zot:4    | 62038 ||| Stepping ~*~*~tactically~*~*~ (hiding).
 62163 | Zot:4    | 62163 ||| Stepping ~*~*~tactically~*~*~ (hiding).
 62165 | Zot:4    | 62165 ||| Stepping ~*~*~tactically~*~*~ (hiding).
 62191 | Zot:4    | 62191 ||| FLEEEEING.
 62192 | Zot:4    | 62192 ||| FLEEEEING.
 62193 | Zot:4    | 62193 ||| FLEEEEING.
 62259 | Zot:4    | 62259 ||| Stepping ~*~*~tactically~*~*~ (stealth).
 62278 | Zot:4    | 62278 ||| Stepping ~*~*~tactically~*~*~ (hiding).
 62311 | Zot:4    | 62311 ||| Stepping ~*~*~tactically~*~*~ (hiding).
 62319 | Zot:4    | 62319 ||| ZAPPING wand of digging (24).
 62322 | Zot:4    | 62322 ||| ZAPPING wand of digging (23).
 62346 | Zot:4    | Reached skill level 24 in Armour
 62375 | Zot:4    | 62375 ||| ZAPPING wand of digging (22).
 62377 | Zot:4    | Found the +4 dragonskin cloak
 62377 | Zot:4    | Noticed Tiamat
 62378 | Zot:4    | 62378 ||| INVOKING Brothers in Arms.
 62383 | Zot:4    | 62383 ||| INVOKING Berserk.
 62415 | Zot:4    | 62415 ||| INVOKING Brothers in Arms.
 62416 | Zot:4    | HP: 56/245 [red draconian/searing blast[Tiamat] (14)]
 62417 | Zot:4    | 62417 ||| READING 6 scrolls of teleportation.
 62418 | Zot:4    | 62418 ||| DRINKING 7 potions of heal wounds.
 62419 | Zot:4    | 62419 ||| DRINKING 6 potions of heal wounds.
 62517 | Zot:4    | 62517 ||| ZAPPING wand of digging (21).
 62518 | Zot:4    | 62518 ||| Stepping ~*~*~tactically~*~*~ (hiding).
 62529 | Zot:4    | 62529 ||| ZAPPING wand of digging (20).
 62611 | Zot:4    | 62611 ||| INVOKING Berserk.
 62746 | Zot:4    | 62746 ||| INVOKING Brothers in Arms.
 62748 | Zot:4    | 62748 ||| INVOKING Brothers in Arms.
 62750 | Zot:4    | 62750 ||| INVOKING Berserk.
 62775 | Zot:4    | 62775 ||| INVOKING Brothers in Arms.
 62777 | Zot:4    | Killed Tiamat
 62903 | Zot:4    | 62903 ||| ZAPPING wand of digging (19).
 63315 | Zot:4    | 63315 ||| FLEEEEING.
 63316 | Zot:4    | 63316 ||| FLEEEEING.
 63317 | Zot:4    | 63317 ||| FLEEEEING.
 63318 | Zot:4    | 63318 ||| FLEEEEING.
 63319 | Zot:4    | 63319 ||| FLEEEEING.
 63320 | Zot:4    | 63320 ||| FLEEEEING.
 63327 | Zot:4    | 63327 ||| FLEEEEING.
 63328 | Zot:4    | 63328 ||| FLEEEEING.
 63329 | Zot:4    | 63329 ||| FLEEEEING.
 63352 | Zot:4    | 63352 ||| Stepping ~*~*~tactically~*~*~ (hiding).
 63401 | Zot:4    | 63401 ||| Stepping ~*~*~tactically~*~*~ (cloud).
 63482 | Zot:4    | 63482 ||| Stepping ~*~*~tactically~*~*~ (hiding).
 63484 | Zot:4    | 63484 ||| Stepping ~*~*~tactically~*~*~ (hiding).
 63736 | Zot:4    | 63736 ||| INVOKING Berserk.
 63745 | Zot:4    | Reached skill level 1 in Evocations
 63833 | Zot:4    | 63833 ||| Stepping ~*~*~tactically~*~*~ (hiding).
 63897 | Zot:4    | 63897 ||| PLANNING ORB
 63897 | Zot:4    | 63897 ||| DROPPING +2 cloak of stealth.
 63973 | Zot:5    | Entered Level 5 of the Realm of Zot
 63975 | Zot:5    | 63975 ||| STAIRDANCE
 64013 | Zot:5    | 64013 ||| INVOKING Berserk.
 64025 | Zot:5    | Reached skill level 3 in Evocations
 64038 | Zot:5    | 64038 ||| INVOKING Brothers in Arms.
 64174 | Zot:5    | Found a runed translucent door.
 64184 | Zot:5    | Noticed qw's ghost (legendary GrBe)
 64199 | Zot:5    | 64199 ||| Stepping ~*~*~tactically~*~*~ (hiding).
 64290 | Zot:5    | 64290 ||| FLEEEEING.
 64292 | Zot:5    | 64292 ||| FLEEEEING.
 64304 | Zot:5    | 64304 ||| READING 5 scrolls of teleportation.
 64306 | Zot:5    | 64306 ||| FLEEEEING.
 64307 | Zot:5    | 64307 ||| FLEEEEING.
 64308 | Zot:5    | 64308 ||| FLEEEEING.
 64309 | Zot:5    | 64309 ||| FLEEEEING.
 64310 | Zot:5    | 64310 ||| FLEEEEING.
 64311 | Zot:5    | 64311 ||| FLEEEEING.
 64312 | Zot:5    | 64312 ||| FLEEEEING.
 64313 | Zot:5    | 64313 ||| FLEEEEING.
 64314 | Zot:5    | 64314 ||| FLEEEEING.
 64363 | Zot:5    | 64363 ||| INVOKING Berserk.
 64381 | Zot:5    | Reached skill level 27 in Fighting
 64381 | Zot:5    | Reached XP level 25. HP: 257/257 MP: 22/22
 64562 | Zot:5    | 64562 ||| Stepping ~*~*~tactically~*~*~ (hiding).
 64707 | Zot:5    | Noticed a dread lich
 64708 | Zot:5    | 64708 ||| INVOKING Trog's Hand.
 64712 | Zot:5    | 64712 ||| INVOKING Berserk.
 64715 | Zot:5    | Noticed an ancient lich
 64716 | Zot:5    | Noticed an orb of fire
 64720 | Zot:5    | 64720 ||| DRINKING 2 potions of resistance.
 64720 | Zot:5    | Noticed a Killer Klown
 64721 | Zot:5    | Noticed a Killer Klown
 64722 | Zot:5    | 64722 ||| DRINKING potion of cancellation.
 64722 | Zot:5    | Noticed an orb of fire
 64723 | Zot:5    | 64723 ||| DRINKING potion of resistance.
 64728 | Zot:5    | Noticed a Killer Klown
 64729 | Zot:5    | Gained mutation: You occasionally lose the ability to read
                  | scrolls when taking damage. [an orb of fire]
 64732 | Zot:5    | Lost mutation: Your spells are a little harder to cast, but
                  | a little more powerful. [an orb of fire]
 64735 | Zot:5    | Gained mutation: You have hidden genetic defects. [an orb
                  | of fire]
 64736 | Zot:5    | Noticed a dread lich
 64738 | Zot:5    | Killed an ancient lich
 64739 | Zot:5    | Gained mutation: You have terrible hidden genetic defects.
                  | [an orb of fire]
 64740 | Zot:5    | HP: 52/257 [orb of fire/bolt of fire (16)]
 64741 | Zot:5    | 64741 ||| DRINKING 6 potions of heal wounds.
 64742 | Zot:5    | 64742 ||| INVOKING Trog's Hand.
 64749 | Zot:5    | Gained mutation: Your body sometimes deteriorates upon
                  | taking damage. [an orb of fire]
 64750 | Zot:5    | Killed a dread lich
 64750 | Zot:5    | Gained mutation: You occasionally shout uncontrollably at
                  | your foes. [an orb of fire]
 64751 | Zot:5    | 64751 ||| INVOKING Brothers in Arms.
 64753 | Zot:5    | Killed an orb of fire
 64755 | Zot:5    | HP: 62/257 [death cob (15)]
 64756 | Zot:5    | 64756 ||| DRINKING 5 potions of heal wounds.
 64756 | Zot:5    | Gained mutation: You are occasionally teleported next to
                  | monsters. [an orb of fire]
 64756 | Zot:5    | Paralysed by a Zot trap for 5 turns
 64757 | Zot:5    | HP: 15/257 [Killer Klown/klown pie (24)]
 64758 | Zot:5    | HP: 2/257 [death cob (9)]
 64758 | Zot:5    | Killed from afar by a shadow dragon

Levels and vault maps discovered:
D:1:      kennysheep_arrival_forest, layout_loops_ring
D:2:      layout_rooms, uniq_jessica
D:3:      layout_basic, lemuel_coloured_pillars_altar,
          chequers_ecumenical_altar_simple_redux, serial_park_tiny_pond,
          minmay_lizard_king
D:4:      layout_loops_corners, pdpol_wu_jian_five_deadly_venoms,
          nicolae_hepliaklqana_hippocampus, nicolae_overflow_hidden_temple,
          chequers_serial_rivers_micro_a, uniq_ijyb, uniq_eustachio
D:5:      kennysheep_kobold_camp, layout_rooms, xom_confusion_cloud
D:6:      layout_cave_pools, okawaru_trees_2, nicolae_ashenzari_skybound,
          trog_hazing_becter, minmay_chambers_of_fives, uniq_edmund
D:7:      layout_basic, minmay_temple_entry_arrows, minmay_shop_damaged
D:8:      layout_loops_corners, grunt_decor_arrowhead, uniq_erica
D:9:      layout_loops_ring
D:10:     layout_roguey, nicolae_qazlal_scattered_showers,
          grunt_temple_overflow_open, minmay_the_grid_2x2
          [minmay_the_grid_rooms, minmay_the_grid_pillar_ring,
          minmay_the_grid_minigrid_small_alt,
          minmay_the_grid_prize_four_corners_diamond_b]
D:11:     layout_roguey, lair_entry_dummy, david_orc_2
D:12:     evilmike_iron_armoury, layout_loops_ring, serial_shops, shop
D:13:     layout_stronghold
D:14:     layout_roguey, grunt_vaults_entry_fortified, serial_co_window_serial,
          co_window_corner_a, co_window_paths_a, co_window_paths_a,
          co_window_paths_a, co_window_corner_a, co_window_corner_cb,
          co_window_corner_ca, co_window_of_opportunity_b, co_window_cross_4,
          co_window_broadway_b, co_window_corner_cb, co_window_of_opportunity_b,
          co_window_paths_e, uniq_azrael, uniq_jorgrun
D:15:     grunt_enter_depths_magical_seal, layout_rooms, minmay_strange_pillars,
          minmay_misc_feat_five, kennysheep_inner_square, uniq_rupert
Lair:1:   layout_loops_ring
Lair:2:   gammafunk_lair_enchanted_lake, layout_concentric_octagons,
          minmay_shoals_entry_hut
Lair:3:   layout_gridlike, nicolae_spider_entry_orb_guardian, lemuel_oklob_altar
Lair:4:   wad_woods_tower, layout_regular_city,
          minmay_slime_entry_oklob_enclosed,
          portal_ice_cave_entry_animals_and_master
Lair:5:   gammafunk_lair_ancient_temple, layout_gridlike,
          gauntlet_entry_generic, nzn_sisyphean_effort
Shoals:1: layout_shoals, uniq_roxanne, uniq_josephine
Shoals:2: layout_shoals
Shoals:3: layout_shoals, serial_shops, shop, uniq_ilsuiw
Shoals:4: shoals_end_simple, layout_shoals
Spider:1: layout_spider_delve, hellmonk_spider_spawner
Spider:2: layout_chambers, hellmonk_narrow_tunnel
Spider:3: layout_spider_delve
Spider:4: hellmonk_spider_rune_bug_friends, drop_trap
Orc:1:    layout_diamond_mine, uniq_maurice, uniq_erolcha
Orc:2:    grunt_orc_gardens, layout_diamond_mine, grunt_orc_garden,
          grunt_orc_garden, grunt_orc_garden, grunt_orc_garden, basic_altar,
          roderic_batcave
Vaults:1: v_rooms_1, nicolae_vaults_little_squares_6, nicolae_vaults_alarming,
          v_misc_27, grunt_vaults_swirl, hangedman_vaults_stream,
          hangedman_vaults_snaps, ontoclasm_vaults_fault,
          layout_vaults_quadrants, serial_shops, shop_statue
Vaults:2: portal_desolation_entry_garden, minmay_crypt_entry_simple_box,
          v_misc_2, v_alt_pattern_6, nicolae_vaults_puzzle_piece,
          nicolae_vaults_mini_display_case, vaults_room_semicircle,
          nicolae_vaults_little_squares_3, v_rooms_4,
          vaults_mumra_minichess_inversion, nicolae_vaults_little_squares_4,
          nicolae_vaults_little_squares_3, nicolae_vaults_murderbox,
          vaults_room_pool, layout_vaults_omnicross
Vaults:3: vaults_dpeg_spiral, hangedman_vaults_pinch, v_misc_25, v_pattern_4,
          nicolae_vaults_sealed_display, hangedman_vaults_capsules,
          vaults_standard_mumra_lines, v_misc_33, ontoclasm_vaults_tryst,
          ontoclasm_vaults_ligature, grunt_vaults_hallway_short,
          layout_vaults_ring, enter_trove_0
Vaults:4: mu_enter_wizlab_3, nicolae_vaults_circle_grid_a,
          nicolae_vaults_little_squares_1, vaults_mumra_hex, v_misc_24,
          nicolae_vaults_network_star, vaults_dpeg_hooks,
          nicolae_vaults_branching_niches, vaults_room_stairs_pillars,
          v_misc_25, ontoclasm_vaults_decontamination, nicolae_vaults_asterisk,
          vaults_room_corners, layout_vaults_chaotic_city, serial_shops, shop,
          uniq_zenata, uniq_bai_suzhen
Vaults:5
Depths:1: layout_long_grid, hell_entry, nicolae_two_hexagons,
          columned_hall_lemuel, nicolae_lava_and_water,
          fake_guardian_serpent_vault, grunt_megastairs_5, uniq_sojobo
Depths:2: minmay_glassy_protrusions, layout_honeycomb, hell_entry,
          hangedman_abyss_entry_splay, grunt_pan_entry_spiral, hex_tiny,
          st_stairs_11
Depths:3: hangedman_cross_veins, layout_long_grid,
          nicolae_abyss_entry_one_way_or_another, hell_entry, uniq_vv, uniq_mara
Depths:4: grunt_crosshair, layout_gridlike, enter_ziggurat_d, serial_curves,
          eino_curves_01, eino_curves_03, eino_curves_01, eino_curves_03,
          pf_hell_entry_tar_river, serial_sigils_hangedman_quiver, uniq_jory
Zot:1:    circus_mu, layout_onion
Zot:2:    layout_basic, drop_trap, grunt_megastairs_4
Zot:3:    layout_cathedral_of_symmetry
Zot:4:    lemuel_draconian_sentries, layout_basic, lemuel_baited_zot_trap,
          uniq_tiamat
Zot:5:    layout_gridlike, hellmonk_ghost_big_iron, grunt_ministairs_12

Skill      XL: |  1  2  3  4  5  6  7  8  9 10 11 12 13 14 15 16 17 18 19 20 21 22 23 24 25 |
---------------+----------------------------------------------------------------------------+-----
Axes           | 4 5 6 8 10 12 14 15 16 18 19 20 | 20.0
Fighting       | 4 5 7 8 9 10 12 15 16 17 19 20 21 22 23 24 25 27 | 27.0
Armour         | 3 4 7 9 11 12 13 14 16 17 19 21 22 23 24 | 24.9
Shields        | 7 11 13 14 15 16 17 18 19 20 22 23 | 23.1
Dodging        | 3 4 7 8 12 14 15 16 19 20 21 | 21.8
Throwing       | 2 9 10 11 12 13 14 | 14.1
Evocations     | 4 |  4.3

Action                   |  1- 3 |  4- 6 |  7- 9 | 10-12 | 13-15 | 16-18 | 19-21 | 22-24 | 25-27 || total
-------------------------+-------+-------+-------+-------+-------+-------+-------+-------+-------++-------
Melee: Hand axe          |    75 |   130 |   216 |       |       |       |       |       |       ||   421
       Headbutt          |    12 |    18 |    44 |    96 |   213 |   221 |   383 |   505 |    23 ||  1515
       War axe           |       |       |    81 |   568 |   724 |       |       |       |       ||  1373
       Punch             |       |       |     1 |       |       |       |       |       |       ||     1
       Demon whip        |       |       |       |    20 |    61 |       |       |       |       ||    81
       Broad axe         |       |       |       |       |   135 |   976 |  1226 |  1393 |    87 ||  3817
Throw: Boomerang         |       |    15 |     9 |     1 |       |       |       |       |       ||    25
       Javelin           |       |       |       |       |    89 |   146 |   161 |   101 |    15 ||   512
Invok: Berserk           |     3 |     4 |    10 |    20 |    35 |    22 |    20 |    41 |     1 ||   156
       Brothers in Arms  |       |       |       |     5 |     4 |    12 |    14 |    10 |     1 ||    46
       Trog's Hand       |       |       |       |     2 |     9 |     4 |    30 |    10 |     2 ||    57
Evoke: Wand              |       |       |       |       |       |       |       |     7 |       ||     7
  Use: Scroll            |     1 |     8 |     9 |    12 |    13 |     4 |     6 |     8 |       ||    61
       Potion            |       |     3 |       |     3 |     2 |     7 |     2 |     5 |     5 ||    27
 Stab: Petrified         |       |       |       |       |     4 |       |       |       |       ||     4
       Petrifying        |       |       |       |       |     1 |       |       |       |       ||     1
       Distracted        |       |       |       |       |       |     2 |     1 |     2 |       ||     5
Armor: Animal skin       |     9 |       |       |       |       |       |       |       |       ||     9
       Ring mail         |    19 |    10 |       |       |       |       |       |       |       ||    29
       Scale mail        |       |    35 |       |       |       |       |       |       |       ||    35
       Chain mail        |       |     6 |   106 |       |       |       |       |       |       ||   112
       Plate armour      |       |       |    23 |   272 |    44 |   448 |   333 |   399 |    47 ||  1566
       Pearl dragon scal |       |       |       |       |   232 |       |       |       |       ||   232
Dodge: Dodged            |    49 |    38 |    97 |   184 |   254 |   407 |   627 |   950 |    59 ||  2665
Block: Kite shield       |       |       |       |   224 |   473 |   708 |   735 |   170 |       ||  2310
       Tower shield      |       |       |       |       |       |       |       |  1132 |    98 ||  1230

Table legend:
 A = Non-vault XP
 B = Vault XP
 C = Vault XP percentage of total XP
 D = Non-vault monster count
 E = Vault monster count
 F = Vault count percentage of total count
                 A         B        C        D         E       F
            +---------+---------+-------+---------+---------+-------
      Total |  671080 |  513884 |  43.4 |    1285 |     714 |  35.7
            +---------+---------+-------+---------+---------+-------
        D:1 |      64 |       0 |   0.0 |      28 |       0 |   0.0
        D:2 |      73 |      37 |  33.6 |      20 |       1 |   4.8
        D:3 |      52 |       7 |  11.9 |      16 |       7 |  30.4
        D:4 |     179 |     220 |  55.1 |      13 |       2 |  13.3
        D:5 |     278 |     670 |  70.7 |      10 |      31 |  75.6
        D:6 |     917 |    1021 |  52.7 |      18 |      12 |  40.0
        D:7 |    1166 |       0 |   0.0 |      24 |       0 |   0.0
        D:8 |    2791 |     539 |  16.2 |      31 |       1 |   3.1
        D:9 |    1787 |       0 |   0.0 |      21 |       0 |   0.0
       D:10 |    2647 |    6245 |  70.2 |      27 |      21 |  43.8
       D:11 |    6200 |     148 |   2.3 |      25 |       7 |  21.9
       D:12 |    3020 |    5191 |  63.2 |      12 |      15 |  55.6
       D:13 |    4687 |       0 |   0.0 |      14 |       0 |   0.0
       D:14 |   12110 |   10830 |  47.2 |      23 |      19 |  45.2
       D:15 |   14928 |    8632 |  36.6 |      35 |      13 |  27.1
     Lair:1 |    3977 |       0 |   0.0 |      15 |       0 |   0.0
     Lair:2 |    7615 |    2500 |  24.7 |      27 |       5 |  15.6
     Lair:3 |    6522 |    1317 |  16.8 |      28 |       2 |   6.7
     Lair:4 |    4784 |    4154 |  46.5 |      16 |      16 |  50.0
     Lair:5 |    8116 |    8789 |  52.0 |      26 |      21 |  44.7
   Shoals:1 |   12218 |    3339 |  21.5 |      26 |       7 |  21.2
   Shoals:2 |   10454 |       0 |   0.0 |      22 |       0 |   0.0
   Shoals:3 |    7439 |    3608 |  32.7 |      16 |       4 |  20.0
   Shoals:4 |   12944 |   20827 |  61.7 |      31 |      35 |  53.0
   Spider:1 |   18107 |    3285 |  15.4 |      58 |       6 |   9.4
   Spider:2 |   16837 |    1476 |   8.1 |      37 |       3 |   7.5
   Spider:3 |   20472 |       0 |   0.0 |      48 |       0 |   0.0
   Spider:4 |   12046 |   13575 |  53.0 |      30 |      22 |  42.3
      Orc:1 |    5699 |    1316 |  18.8 |      47 |       2 |   4.1
      Orc:2 |    2609 |    9069 |  77.7 |      26 |      36 |  58.1
   Vaults:1 |   53761 |   17767 |  24.8 |      72 |      26 |  26.5
   Vaults:2 |   33273 |   27437 |  45.2 |      49 |      39 |  44.3
   Vaults:3 |   16136 |   14913 |  48.0 |      29 |      20 |  40.8
   Vaults:4 |   15872 |   55766 |  77.8 |      22 |      63 |  74.1
   Vaults:5 |   14526 |   83067 |  85.1 |      17 |      77 |  81.9
   Depths:1 |   28001 |   11070 |  28.3 |      39 |       8 |  17.0
   Depths:2 |   39805 |   11385 |  22.2 |      49 |      11 |  18.3
   Depths:3 |   19121 |   36586 |  65.7 |      21 |      23 |  52.3
   Depths:4 |   55564 |   27509 |  33.1 |      53 |      21 |  28.4
      Zot:1 |   10284 |    7280 |  41.4 |       9 |       9 |  50.0
      Zot:2 |   36983 |    5291 |  12.5 |      27 |       4 |  12.9
      Zot:3 |   33395 |       0 |   0.0 |      31 |       0 |   0.0
      Zot:4 |   88813 |   25721 |  22.5 |      77 |      20 |  20.6
      Zot:5 |   24808 |   37228 |  60.0 |      20 |      18 |  47.4
 Desolation |       0 |   46069 | 100.0 |       0 |      87 | 100.0
            +---------+---------+-------+---------+---------+-------
